 Dungeon Crawl Stone Soup version 0.32-a0-543-gefe9712 (webtiles) character file.

Game seed: 5272456736976903461

3378657 jagoly the Naga Barricade (level 27, 277/277 HPs)
             Began as a Naga Wanderer on Feb 28, 2024.
             Was a High Priest of Beogh.
             Escaped with the Orb
             ... and 5 runes
             ... and 2 gems (0 intact) on Feb 29, 2024!
             The game lasted 08:48:14 (71639 turns).

jagoly the Naga Barricade (Naga Wanderer)          Turns: 71639, Time: 08:48:14

Health: 277/277    AC: 57    Str: 28      XL:     27
Magic:  37/37      EV: 10    Int:  9      God:    Beogh [*****.]
Gold:   8983       SH: 15    Dex: 25 (27) Spells: 22/26 levels left

rFire   + + +        a - +9 broad axe (heavy)
rCold   + + .        A - +3 warlock's mirror {omnireflect}
rNeg    + . .        x - +12 gold dragon scales
rPois   +            y - +2 helmet {Int+3}
rElec   +            O - +2 cloak {Stlth+}
rCorr   +            X - +0 pair of fencer's gloves {Riposte Dex+3}
SInv    +            f - +4 barding {Fly}
Will    ++++.        C - macabre finger necklace {Finger+ rN+}
Stlth   +            H - ring "Roatavic" {rElec rF+ rCorr Int-5 Dex+3}
HPRegen 0.66/turn    p - ring of the Solstice {rF+ Will+ Str+3 Stlth+}
MPRegen 0.25/turn    q - ring of Miracles {rC+ Dex+5}

%: reflection
@: flying, studying 2 skills, very slow
A: walk on water, AC +9, large, see invisible, deformed body, poison resistance,
slowness 2, spit poison 1, naga tail 2, wild magic 1
0: Orb of Zot
}: 5/15 runes: barnacled, slimy, silver, abyssal, gossamer
a: Spit Poison, Renounce Religion, Smiting, Recall Apostles, Blood for Blood,
Dismiss Morbeogh, priest, Dismiss Bogwik, warrior, Dismiss Bolgrim, warrior


You escaped.
You worshipped Beogh.
Beogh was extremely pleased with you.
You visited 12 branches of the dungeon, and saw 56 of its levels.
You visited the Abyss 1 time.
You visited 1 ziggurat, and saw 16 of its levels.
You also visited: Gauntlet and Ice Cave.

You collected 11434 gold pieces.
You spent 2451 gold pieces at shops.

Inventory:

Hand Weapons
 a - a +9 heavy broad axe (weapon)
 b - a +7 antimagic broad axe
 B - a +1 demon trident of electrocution
Missiles
 h - 17 curare-tipped darts
 o - 53 boomerangs (quivered)
 v - a throwing net
 K - 17 silver javelins
 S - 14 javelins
Armour
 f - a +4 barding of flying (worn)
 x - +12 gold dragon scales (worn)
 y - a +2 helmet of intelligence (worn)
 A - the +3 warlock's mirror (worn) {omnireflect}
   (You found it on level 15 of a ziggurat)

   Omnireflect: It can block and reflect piercing ranged attacks and magical
   attacks against the wielder's willpower.
 O - a +2 cloak of stealth (worn)
 Q - a +4 tower shield
 X - the +0 pair of fencer's gloves (worn) {Riposte Dex+3}
   (You found it on level 2 of the Depths)

   Riposte:   It allows the wearer to riposte with melee weapons, swiftly
   retaliating against missed or blocked melee attacks.
   Dex+3:     It affects your dexterity (+3).
Jewellery
 e - the ring of Oritalus {rPois rC+ Will+ Int+6}
   (You found it on level 8 of a ziggurat)

   [ring of intelligence]

   Int+6:     It affects your intelligence (+6).
   rC+:       It protects you from cold.
   rPois:     It protects you from poison Will+: It increases your willpower.
 p - the ring of the Solstice (right hand) {rF+ Will+ Str+3 Stlth+}
   (You found it on level 3 of the Elven Halls)

   [ring of willpower]

   Str+3:     It affects your strength (+3).
   rF+:       It protects you from fire.
   Will+:     It increases your willpower.
   Stlth+:    It makes you more stealthy.
 q - the ring of Miracles (on amulet) {rC+ Dex+5}
   (You found it on level 5 of the Pits of Slime)

   [ring of protection from cold]

   Dex+5:     It affects your dexterity (+5).
   rC+:       It protects you from cold.
 s - the amulet "Eczidiq" {Regen+ Dex+3}
   (You found it on level 5 of the Pits of Slime)

   [amulet of regeneration]

   Dex+3:     It affects your dexterity (+3).
   Regen+:    It increases your rate of health regeneration.
 C - the macabre finger necklace (around neck) {Finger+ rN+}
   (You found it on level 3 of the Elven Halls)

   [amulet of nothing]

   Finger+:   It enables you to equip an extra ring.
   rN+:       It protects you from negative energy.
 H - the ring "Roatavic" (left hand) {rElec rF+ rCorr Int-5 Dex+3}
   (You took it off a tengu reaver on level 5 of the Vaults)

   [ring of resist corrosion]

   Int-5:     It affects your intelligence (-5).
   Dex+3:     It affects your dexterity (+3).
   rF+:       It protects you from fire.
   rElec:     It insulates you from electricity.
   rCorr:     It protects you from acid and corrosion.
 T - the ring of Xoitaoc {Fly rF++ Will+ Str-2 SInv}
   (You found it on level 14 of a ziggurat)

   [ring of flight]

   Str-2:     It affects your strength (-2).
   rF++:      It greatly protects you from fire.
   Will+:     It increases your willpower.
   SInv:      It lets you see invisible.
   Fly:       It grants you flight.
Wands
 J - a wand of digging (22)
 N - a wand of paralysis (88)
 P - a wand of acid (70)
 Z - a wand of iceblast (50)
Scrolls
 l - 7 scrolls of fog
 t - 20 scrolls of teleportation
 E - 9 scrolls of vulnerability
 F - 7 scrolls of revelation
 L - 6 scrolls of butterflies
 M - 10 scrolls of poison
 R - 8 scrolls of blinking
 V - a scroll of silence
 W - 6 scrolls of fear
Potions
 d - 21 potions of mutation
 g - 6 potions of ambrosia
 i - 8 potions of heal wounds
 j - 5 potions of berserk rage
 k - 8 potions of might
 m - 13 potions of curing
 n - 11 potions of enlightenment
 z - 2 potions of magic
 D - 2 potions of invisibility
 G - 6 potions of haste
 U - 2 potions of resistance
 Y - 3 potions of cancellation
Miscellaneous
 c - a phial of floods
 r - a lightning rod (4/4)
 u - a sack of spiders
 I - a phantom mirror


   Skills:
 + Level 22.3 Fighting
 - Level 2.0 Short Blades
 - Level 18.0 Axes
 - Level 6.0 Staves
 - Level 16.0 Throwing
 - Level 18.0 Armour
 - Level 12.0 Dodging
 - Level 20.0 Stealth
 O Level 27 Shields
 - Level 20.0 Invocations
 - Level 10.0 Evocations


You had 22 spell levels left.
You knew the following spells:

 Your Spells              Type           Power      Damage    Failure   Level
a - Lesser Beckoning      Tloc           0%         N/A       100%        2
B - Blink                 Tloc           0%         N/A       100%        2

Your spell library contained the following spells:

 Spells                   Type           Power      Damage    Failure   Level
 Magic Dart               Conj           0%         1d3       100%        1
 Necrotise                Necr           0%         1d4       100%        1
 Sandblast                Erth           0%         2d4       100%        1
 Shock                    Conj/Air       0%         1d3       100%        1
 Slow                     Hex            0%         N/A       100%        1
 Sting                    Conj/Alch      0%         1d3       100%        1
 Call Imp                 Summ           0%         N/A       100%        2
 Cigotuvi's Dreadful Rot  Necr/Alch/Air  0%         N/A       100%        2
 Ensorcelled Hibernation  Hex/Ice        0%         N/A       100%        2
 Jinxbite                 Hex            0%         N/A       100%        2
 Mercury Vapours          Alch/Air       0%         N/A       100%        2
 Momentum Strike          Conj/Tloc      0%         3d8       100%        2
 Searing Ray              Conj           0%         2d4       100%        2
 Static Discharge         Conj/Air       0%         3-3/arc   100%        2
 Sublimation of Blood     Necr           0%         N/A       100%        2
 Call Canine Familiar     Summ           0%         N/A       100%        3
 Confusing Touch          Hex            0%         N/A       100%        3
 Dazzling Flash           Conj/Hex       0%         N/A       100%        3
 Gell's Gravitas          Tloc           0%         N/A       100%        3
 Inner Flame              Hex/Fire       0%         N/A       100%        3
 Mephitic Cloud           Conj/Alch/Air  0%         N/A       100%        3
 Ozocubu's Armour         Ice            0%         N/A       100%        3
 Passwall                 Erth           0%         N/A       100%        3
 Sigil of Binding         Hex            0%         N/A       100%        3
 Stone Arrow              Conj/Erth      0%         3d7       100%        3
 Summon Ice Beast         Ice/Summ       0%         N/A       100%        3
 Swiftness                Air            0%         N/A       100%        3
 Teleport Other           Tloc           0%         N/A       100%        3
 Vampiric Draining        Necr           0%         2d6       100%        3
 Volatile Blastmotes      Fire/Tloc      0%         2d10      100%        3
 Airstrike                Air            0%         2d(0-16)  100%        4
 Anguish                  Hex/Necr       0%         N/A       100%        4
 Animate Armour           Summ/Erth      0%         N/A       100%        4
 Animate Dead             Necr           0%         N/A       100%        4
 Brom's Barrelling Bould  Conj/Erth      0%         2d3       100%        4
 Cause Fear               Hex            0%         N/A       100%        4
 Dimensional Bullseye     Hex/Tloc       0%         N/A       100%        4
 Dispel Undead            Necr           0%         3d6       100%        4
 Flame Wave               Conj/Fire      0%         2d4       100%        4
 Fulminant Prism          Conj/Alch      0%         3d5       100%        4
 Ignite Poison            Fire/Alch      0%         N/A       100%        4
 Iskenderun's Mystic Bla  Conj/Tloc      0%         2d3       100%        4
 Leda's Liquefaction      Alch/Erth      0%         N/A       100%        4
 Manifold Assault         Tloc           0%         N/A       100%        4
 Martyr's Knell           Necr/Summ      0%         N/A       100%        4
 Olgreb's Toxic Radiance  Alch           0%         N/A       100%        4
 Passage of Golubria      Tloc           0%         N/A       100%        4
 Petrify                  Alch/Erth      0%         N/A       100%        4
 Sticky Flame             Fire/Alch      0%         2d4       100%        4
 Summon Lightning Spire   Summ/Air       0%         N/A       100%        4
 Vhi's Electric Charge    Tloc/Air       0%         N/A       100%        4
 Arcjolt                  Conj/Air       0%         1d10      100%        5
 Borgnjor's Vile Clutch   Necr/Erth      0%         N/A       100%        5
 Curse of Agony           Necr           0%         N/A       100%        5
 Fireball                 Conj/Fire      0%         3d3       100%        5
 Freezing Cloud           Conj/Ice/Air   0%         6-21      100%        5
 Irradiate                Conj/Alch      0%         3d11      100%        5
 Iskenderun's Battlesphe  Conj           0%         2d6       100%        5
 Lee's Rapid Deconstruct  Erth           0%         3d4*      100%        5
 Metabolic Englaciation   Hex/Ice        0%         N/A       100%        5
 Silence                  Hex/Air        0%         N/A       100%        5
 Yara's Violent Unravell  Hex/Alch       0%         3d3       100%        5
 Bombard                  Conj/Erth      0%         9d1       100%        6
 Conjure Ball Lightning   Conj/Air       0%         3x3d6     100%        6
 Death Channel            Necr           0%         N/A       100%        6
 Plasma Beam              Fire/Air       0%         2x1d10    100%        6
 Sculpt Simulacrum        Ice/Alch       0%         N/A       100%        6
 Starburst                Conj/Fire      0%         6d3       100%        6
 Summon Cactus Giant      Summ           0%         N/A       100%        6
 Enfeeble                 Hex            0%         N/A       100%        7
 Monstrous Menagerie      Summ           0%         N/A       100%        7
 Orb of Destruction       Conj           0%         9d5       100%        7
 Ozocubu's Refrigeration  Ice            0%         4d7       100%        7
 Spellforged Servitor     Conj/Summ      0%         N/A       100%        7
 Summon Hydra             Summ           0%         N/A       100%        7
 Discord                  Hex            0%         N/A       100%        8
 Disjunction              Tloc           0%         N/A       100%        8
 Ignition                 Fire           0%         3d3       100%        8
 Lehudib's Crystal Spear  Conj/Erth      0%         10d2      100%        8
 Maxwell's Capacitive Co  Air            0%         ∞         100%        8
 Chain Lightning          Conj/Air       0%         N/A       100%        9
 Fire Storm               Conj/Fire      0%         5d1       100%        9
 Polar Vortex             Ice            0%         N/A       100%        9
 Shatter                  Erth           0%         3d5*      100%        9


Dungeon Overview and Level Annotations

Branches:
Dungeon (15/15)            Temple (0/1) D:6            Lair (5/5) D:9
 Shoals (4/4) Lair:3       Spider (4/4) Lair:2        Slime (5/5) Lair:4
    Orc (2/2) D:11            Elf (3/3) Orc:2        Vaults (5/5) D:14
  Crypt (3/3) Vaults:3       Tomb (0/3) Crypt:3      Depths (4/4) D:15
   Hell (visited)             Dis (0/7) Hell            Geh (0/7) Hell
    Coc (0/7) Hell            Tar (0/7) Hell            Zot (5/5) Depths:4
  IceCv (visited)         Gauntlet (visited)

Altars:
Ashenzari
Cheibriados
Elyvilon
Hepliaklqana
Kikubaaqudgha
Okawaru
Sif Muna
Trog
Uskayaw
Vehumet
Xom
Yredelemnul
Zin
Beogh
Lugonu

Shops:
D:9 *   D:13 !   D:14 :   D:15 *   Orc:2 *([:   Elf:1 [[   Shoals:3 **[(
Vaults:2 ?   Vaults:3 :   Vaults:5 [   Depths:1 (   Depths:4 [

Portals:
Hell: Depths:1 Depths:2 Depths:3 Depths:4
Abyss: Lair:5 Depths:3
Pandemonium: Depths:2


Innate Abilities, Weirdness & Mutations

You can walk on water.
Your facial features are unmistakably orcish.
Your serpentine skin is tough. (AC +9)
You have supernaturally acute eyesight. (SInv)
Armour fits poorly on your strangely shaped body.
Your system is resistant to poisons. (rPois)
You cover ground very slowly.
You can spit poison.
You can use your snake-like lower body to constrict enemies.
Your spells are a little harder to cast, but a little more powerful.


Message History

You block the hell hog's attack. The hell hog breathes fire at you.
The fireball explodes!
The fireball engulfs you but does no damage.
The fireball engulfs the hell hog.
The hell hog completely resists.
The fireball engulfs Bogwik!
The fireball engulfs Bolgrim!
You barely miss the hell hog. You grab the hell hog.
You constrict the hell hog!
Bolgrim roars a battlecry!
Morbeogh goes into a battle-frenzy!
The hell hog bites you but does no damage.
An Orb Guardian comes into view.
You hit the hell hog.
The hell hog is moderately wounded.
You constrict the hell hog!
The hell hog bites you but does no damage.
Bogwik roars a battlecry!
Bolgrim goes into a battle-frenzy!
The hell hog bites you but does no damage.
Morbeogh hits the hell hog with the +6 war axe of Jacrus!!
Bolgrim throws a boomerang.
The boomerang hits the hell hog.
You slice the hell hog!!
You kill the hell hog!
Beogh accepts your kill.
Your followers are invigorated by your prowess.
Bogwik throws a boomerang.
The boomerang hits the Orb Guardian!
Your cerulean imp closely misses the Orb Guardian.
You swap places.
Your cerulean imp misses the Orb Guardian.
Bolgrim throws a boomerang.
The boomerang hits the Orb Guardian but does no damage.
You see here a hell hog corpse.
You barely miss the Orb Guardian.
The Orb Guardian is lightly wounded.
The Orb Guardian hits you.
Bolgrim hits the Orb Guardian with a +1 great sword of electrocution!!!
Morbeogh says happily, "You and me, we're family."
You slice the Orb Guardian!!
You kill the Orb Guardian!
Beogh accepts your kill.
No target in view!
No target in view!
What level of the Dungeon? (default 1, ? - help)
You swap places.
Bogwik no longer looks unusually strong.
There is a stone staircase leading up here.
You fly upwards.
Your summoned ally is left behind.
Your cerulean imp disappears in a puff of smoke!
There is a stone staircase leading down here.
There is a stone staircase leading up here.
You fly upwards.
There is a stone staircase leading down here.
You swap places.
Morbeogh no longer looks unusually strong.
Bolgrim no longer looks unusually strong.
A sixfirhy comes into view.
You swap places.
The sixfirhy hits you but does no damage.
Bolgrim roars a battlecry!
Your orc apostles go into a battle-frenzy!
Bogwik hits the sixfirhy with a +2 long sword of holy wrath!!!
The sixfirhy dies!
Beogh accepts your kill.
No target in view!
No target in view!
What level of the Dungeon? (default 1, ? - help)
You swap places.
A Taunirr, a large abomination and a sixfirhy come into view.
Press: ? - help, v - describe, . - travel
Here: Taunirr, armed with a chaotic touch The floor.
Unknown command.
A rust devil comes into view.
The rust devil screeches!
Bogwik roars a battlecry!
Bolgrim goes into a battle-frenzy!
You block the sixfirhy's attack. The sixfirhy barely misses you.
You riposte.
You hit the sixfirhy. Your grab misses the sixfirhy.
The sixfirhy is lightly wounded.
The sixfirhy hits you! The sixfirhy shocks you. You resist.
Bogwik throws a boomerang.
The boomerang hits the sixfirhy!!
The sixfirhy hits you but does no damage.
Taunirr gestures at you.
Taunirr blinks!
You open the sixfirhy like a pillowcase!!!
You kill the sixfirhy!
Beogh accepts your kill.
You hit Taunirr but do no damage. You block Taunirr's attack.
You riposte.
You hit Taunirr. You grab Taunirr.
Taunirr is lightly wounded.
You open Taunirr like a pillowcase!!!
Taunirr is moderately wounded.
Bogwik is invigorated by your prowess.
You constrict Taunirr! You block Taunirr's attack.
Taunirr pecks you but does no damage.
Morbeogh utters an invocation to Beogh.
You cut Taunirr into ribbons!!!
Taunirr is heavily wounded.
Bogwik is invigorated by your prowess.
You constrict Taunirr! Taunirr pecks you!
Bolgrim hits Taunirr with a +1 great sword of electrocution!!
You carve Taunirr like a ham!!!
Taunirr is almost dead.
You hit the large abomination. You slice the rust devil!!
You constrict Taunirr. You block Taunirr's attack.
You block the rust devil's attack.
You riposte.
You slice the rust devil!!
You kill the rust devil!
Beogh accepts your kill.
You hit the large abomination but do no damage.
You closely miss Taunirr.
The large abomination hits you but does no damage.
Bolgrim hits Taunirr with a +1 great sword of electrocution!!!
Taunirr dies!
Beogh accepts your kill.
You feel your strength returning.
You closely miss the large abomination. You grab the large abomination.
The large abomination is lightly damaged.
You constrict the large abomination.
Your cerulean imp hits the large abomination but does no damage.
You block the large abomination's attack.
You riposte.
You cut the large abomination into ribbons!!!
The large abomination is almost destroyed.
Bolgrim hits the large abomination with a +1 great sword of electrocution!!!
The large abomination is destroyed!
Beogh accepts your kill.
What level of the Dungeon? (default 1, ? - help)
You see here a +0 leather armour.
An ice devil comes into view.
Morbeogh no longer looks unusually strong.
You slice the ice devil!! Your grab misses the ice devil.
The ice devil is heavily wounded.
You block the ice devil's attack.
Your cerulean imp barely misses the ice devil.
Bolgrim roars a battlecry!
Morbeogh goes into a battle-frenzy!
You slash the ice devil! You grab the ice devil.
The ice devil is almost dead.
You constrict the ice devil.
Bogwik no longer looks unusually strong.
You block the ice devil's attack.
Your cerulean imp hits the ice devil but does no damage.
You hit the ice devil.
The ice devil is almost dead.
You constrict the ice devil!
You kill the ice devil!
Beogh accepts your kill.
No target in view!
What level of the Dungeon? (default 1, ? - help) Bolgrim no longer looks unusually strong.
A hellwing comes into view.
Bolgrim throws a boomerang.
The boomerang hits the hellwing!
Bolgrim roars a battlecry!
Bogwik goes into a battle-frenzy!
Bogwik roars a battlecry!
Bolgrim goes into a battle-frenzy!
Your cerulean imp hits the hellwing but does no damage.
You slice the hellwing!! You grab the hellwing.
The hellwing is almost dead.
You constrict the hellwing.
The hellwing hits you but does no damage.
You block the hellwing's attack.
Your cerulean imp hits the hellwing but does no damage.
You slice the hellwing like a ripe choko!!!
You kill the hellwing!
Beogh accepts your kill.
No target in view!
What level of the Dungeon? (default 1, ? - help) Morbeogh no longer looks unusually strong.
Bogwik no longer looks unusually strong.
Bolgrim no longer looks unusually strong.
HP restored.
Your cerulean imp disappears in a puff of smoke!
A Wyusovur, an Ice Fiend and a red devil come into view.
Press: ? - help, v - describe, . - travel
Here: Wyusovur The floor.
Unknown command.
The Ice Fiend roars!
Morbeogh mumbles some strange prayers to Beogh against Wyusovur.
Wyusovur is smitten.
Bolgrim roars a battlecry!
Your orc apostles go into a battle-frenzy!
Bogwik fires a harpoon shot at Wyusovur.
The harpoon shot hits Wyusovur!
Unknown command.
Wyusovur gestures at you.
The spray of metal splinters misses you.
The Ice Fiend gestures at you.
The bolt of cold hits you but does no damage.
The bolt of cold hits Bogwik!!!
Wyusovur tail-slaps you.
Unknown command.
You barely miss Wyusovur. Your grab misses Wyusovur.
Wyusovur is lightly wounded.
Wyusovur tail-slaps you but does no damage.
The Ice Fiend gestures at you.
Your +3 warlock's mirror {omnireflect} blocks the bolt of cold... and reflects it back!
The bolt of cold hits Wyusovur!!!
The bolt of cold hits the Ice Fiend.
The Ice Fiend completely resists.
The red devil hits you but does no damage.
Wyusovur tail-slaps you.
Bolgrim hits Wyusovur with a +1 great sword of electrocution!
You barely miss Wyusovur. You grab Wyusovur.
Wyusovur is heavily wounded.
You constrict Wyusovur. You block Wyusovur's attack.
The red devil barely misses you.
Bolgrim hits Wyusovur with a +1 great sword of electrocution!!
Wyusovur tail-slaps you but does no damage.
Unknown command.
You hit the Ice Fiend.
The Ice Fiend is lightly wounded.
You slash Wyusovur! You constrict Wyusovur!
Wyusovur gestures.
Morbeogh mumbles some strange prayers to Beogh against Wyusovur.
Wyusovur is smitten.
The Ice Fiend gestures at you.
Your +3 warlock's mirror {omnireflect} blocks the bolt of cold... and reflects it back!
The bolt of cold hits the Ice Fiend.
The Ice Fiend completely resists.
The red devil hits you but does no damage.
Bolgrim hits Wyusovur with a +1 great sword of electrocution.
Bogwik completely misses the Ice Fiend.
You hit the Ice Fiend but do no damage.
The Ice Fiend is lightly wounded.
You strike the helpless Wyusovur from behind!
You slash Wyusovur! You closely miss the ynoxinul. You constrict Wyusovur!
Wyusovur gestures.
Morbeogh utters an invocation to Beogh.
Bogwik's wounds begin to rapidly close.
The Ice Fiend claws you but does no damage. x2
The red devil hits you from afar with a +0 trident!
Barbed spikes become lodged in your body.
Wyusovur gestures at you.
The spray of metal splinters misses you.
Bolgrim hits Wyusovur with a +1 great sword of electrocution!!!
Wyusovur dies!
Beogh accepts your kill.
The ynoxinul disappears in a puff of smoke!
The ice devil disappears in a puff of smoke!
Bogwik hits the Ice Fiend with a +2 long sword of holy wrath.
The Ice Fiend convulses.
You feel your dexterity returning.
Training target 16.0 for Throwing reached!
Your Throwing skill increases to level 16!
You need to enable at least one skill for training.
Unknown command.
You carve the Ice Fiend like a ham!!! You grab the Ice Fiend.
The Ice Fiend is heavily wounded.
Bogwik is invigorated by your prowess.
You constrict the Ice Fiend! You block the red devil's attack.
The Ice Fiend claws you but does no damage.
The Ice Fiend barely misses you.
Bolgrim hits the Ice Fiend with a +1 great sword of electrocution!
Bogwik hits the Ice Fiend with a +2 long sword of holy wrath.
The Ice Fiend convulses!
You slash the Ice Fiend!
The Ice Fiend is almost dead.
You constrict the Ice Fiend!
You kill the Ice Fiend!
Beogh accepts your kill.
Morbeogh calls down the wrath of Beogh upon the red devil.
The red devil is smitten.
You block the red devil's attack.
Bolgrim hits the red devil with a +1 great sword of electrocution!!
The red devil dies!
Beogh accepts your kill.
What level of the Dungeon? (default 1, ? - help)
Okay, then.
You start resting.
HP restored.
You carefully extract the barbed spikes from your body.
What level of the Dungeon? (default 1, ? - help) Bolgrim shouts, "Beware of monsters!"
Bogwik no longer looks unusually strong.
Morbeogh no longer looks unusually strong.
There is an open door, spattered with blood here.
There is a stone staircase leading up here.
You fly upwards.
There is a stone staircase leading down here.
HP restored.
A hellion comes into view.
Bogwik hits the hellion with a +2 long sword of holy wrath!!
The hellion convulses!!
The hellion dies!
Beogh accepts your kill.
What level of the Dungeon? (default 1, ? - help)
A soul eater comes into view.
You swap places.
Bolgrim throws a boomerang.
The boomerang hits the soul eater.
Morbeogh invokes the aid of Beogh against the soul eater.
The soul eater is smitten.
You swap places.
The soul eater hits you but does no damage. x2
Bolgrim roars a battlecry!
Your orc apostles go into a battle-frenzy!
Bogwik roars a battlecry!
Bolgrim goes into a battle-frenzy!
You slice the soul eater!! You grab the soul eater.
The soul eater is severely wounded.
You constrict the soul eater!
The soul eater hits you but does no damage.
You hit the soul eater.
You kill the soul eater!
Beogh accepts your kill.
No target in view!
What level of the Dungeon? (default 1, ? - help)
You swap places.
Bogwik no longer looks unusually strong.
Bolgrim no longer looks unusually strong.
An Orb Guardian comes into view.
Morbeogh no longer looks unusually strong.
You miss the Orb Guardian. The Orb Guardian closely misses you.
You riposte.
You carve the Orb Guardian like a ham!!!
The Orb Guardian is severely wounded.
The Orb Guardian completely misses you.
You slash the Orb Guardian!
The Orb Guardian is almost dead.
The Orb Guardian hits you!
You slice the Orb Guardian!!
You kill the Orb Guardian!
Beogh accepts your kill.
You feel your dexterity returning.
No target in view!
No target in view!
What level of the Dungeon? (default 1, ? - help) Bogwik yells, "Run!
I'll cover you!"
There is a stone staircase leading up here.
You fly upwards.
There is a stone staircase leading down here.
You swap places.
Things that are here:
a +0 trident; an orb of guile; a +0 robe
There is a stone staircase leading up here.
Bogwik smiles happily.
You fly upwards.
There is a stone staircase leading down here.
There is an open door here.
An Executioner comes into view.
Bolgrim throws a boomerang.
The boomerang hits the Executioner.
Bolgrim throws a boomerang.
The boomerang hits the Executioner.
Morbeogh invokes the aid of Beogh against the Executioner.
The Executioner is smitten.
You open the Executioner like a pillowcase!!!
Your grab misses the Executioner.
The Executioner is almost dead.
The Executioner gestures.
The Executioner seems to speed up.
You block the Executioner's attack.
You riposte.
You open the Executioner like a pillowcase!!!
You kill the Executioner!
Beogh accepts your kill.
No target in view!
No target in view!
What level of the Dungeon? (default 1, ? - help)
There is a stone staircase leading up here.
You fly upwards.
There is a stone staircase leading down here.
There is a stone staircase leading up here.
You fly upwards.
There is a stone staircase leading down here.
There is a stone staircase leading up here.
You fly upwards.
There is a stone staircase leading down here.
You swap places.
A blizzard demon comes into view.
The blizzard demon shouts!
The ogre shouts!
A demonspawn blood saint comes into view.
It is wielding a +0 dagger.
There is an open door here.
The demonspawn blood saint shouts!
The demonspawn blood saint calls on the powers of chaos!
The blizzard demon evaporates and reforms as a cacodemon!
The ogre suddenly seems more resistant.
The demonspawn blood saint calls on the powers of chaos!
The cacodemon seems to speed up.
The ogre seems to grow stronger.
You slice the cacodemon!! You grab the cacodemon.
The cacodemon is moderately wounded.
You constrict the cacodemon! You block the cacodemon's attack.
You riposte.
You cut the cacodemon into ribbons!!!
The cacodemon is almost dead.
You block the cacodemon's attack.
Bolgrim roars a battlecry!
Your orc apostles go into a battle-frenzy!
You hit the cacodemon.
You kill the cacodemon!
Beogh accepts your kill.
Morbeogh mumbles some strange prayers to Beogh.
You closely miss the demonspawn blood saint.
You grab the demonspawn blood saint. You completely miss the ogre.
You constrict the demonspawn blood saint, but do no damage.
You block the ogre's attack.
Bolgrim hits the ogre with a +1 great sword of electrocution!!!
The ogre dies!
Beogh accepts your kill.
The demonspawn blood saint hits you but does no damage.
You slash the demonspawn blood saint!
The demonspawn blood saint is lightly wounded.
You constrict the demonspawn blood saint.
The demonspawn blood saint hits you but does no damage.
Morbeogh prays to Beogh.
You slice the demonspawn blood saint!!
The demonspawn blood saint is heavily wounded.
You constrict the demonspawn blood saint!
Bolgrim hits the demonspawn blood saint with a +1 great sword of electrocution!!!
The demonspawn blood saint dies!
Beogh accepts your kill.
Beogh appreciates your killing of a heretic priest.
No target in view!
No target in view!
What level of the Dungeon? (default 1, ? - help)
There is an escape hatch in the ceiling here.
A mysterious force pulls you upwards. The hatch slams shut behind you.
Your summoned allies are left behind.
Your cerulean imp disappears in a puff of smoke! x2
You swap places.
You see here a +0 whip.
There is a stone staircase leading up here.
Morbeogh no longer looks unusually strong.
You fly upwards.
There is a stone staircase leading down here.
Things that are here:
a +0 ring mail; a +0 hand axe; an orc skeleton
There is a stone staircase leading up here.
You fly upwards.
There is a stone staircase leading down here.
There is a stone staircase leading up here.
You fly upwards.
There is a stone staircase leading down here.
An Orb Guardian comes into view.
Bolgrim roars a battlecry!
Morbeogh goes into a battle-frenzy!
Morbeogh hits the Orb Guardian with the +6 war axe of Jacrus.
You block the Orb Guardian's attack.
The Orb Guardian hits you but does no damage.
You slash the Orb Guardian!
The Orb Guardian is lightly wounded.
Morbeogh goes berserk!
Morbeogh hits the Orb Guardian with the +6 war axe of Jacrus!
The Orb Guardian hits you.
You open the Orb Guardian like a pillowcase!!!
The Orb Guardian is almost dead.
The Orb Guardian hits you!
Morbeogh hits the Orb Guardian with the +6 war axe of Jacrus!!
The Orb Guardian dies!
Beogh accepts your kill.
No target in view!
No target in view!
There is a staircase leading out of the dungeon here.
You start resting.
Morbeogh rages.
Morbeogh no longer looks unusually strong.
Morbeogh rages.
A ynoxinul comes into view.
Unknown command.
Morbeogh rages.
No target in view!
No target in view!
No target in view!
The ynoxinul gestures at you.
Your +3 warlock's mirror {omnireflect} blocks the iron shot... and reflects it back!
The iron shot hits the ynoxinul!!
Bolgrim throws a boomerang.
The boomerang hits the ynoxinul.
Morbeogh hits the ynoxinul with the +6 war axe of Jacrus!!
The ynoxinul dies!
Beogh accepts your kill.
No target in view!
No target in view!
No target in view!
You swap places.
An Orb Guardian comes into view.
There is a staircase leading out of the dungeon here.
An Orb Guardian is nearby!
Bogwik is recalled.
An Orb Guardian is nearby!
Unknown command.
You swap places.
Bolgrim roars a battlecry!
Bogwik goes into a battle-frenzy!
Bogwik roars a battlecry!
Bolgrim goes into a battle-frenzy!
You slash the Orb Guardian!
The Orb Guardian is moderately wounded.
Morbeogh is no longer berserk.
The Orb Guardian hits you but does no damage.
You carve the Orb Guardian like a ham!!!
The Orb Guardian is severely wounded.
You block the Orb Guardian's attack.
The Orb Guardian hits you but does no damage.
You slice the Orb Guardian like a ripe choko!!!
You kill the Orb Guardian!
Beogh accepts your kill.
You feel your dexterity returning.
No target in view!
No target in view!
You swap places.
There is a staircase leading out of the dungeon here.
You are flying.
You are studying Axes and Stealth.
Your flying speed is very slow.
Your attack delay is about 1.1 (and cannot be improved with additional weapon skill).
Your damage rating with your +9 heavy broad axe is about 71 (Base [13 + 10 (Hvy)] x 145% (Str) x 186% (Skill) + 9 (Ench)).
Your base attributes are Str 25, Int 11, Dex 16.
Unknown command.
Okay, then.
You have escaped!

†.###....#.#.#.#.#.#.#.#...#
#.##..###...............##.##
#....###......#..........#..#
...### ##.......#.......###.####
#..# #.....#....#......#.....#
#.## ##...........#...###.##)#
..# #....#.#.#.#...#..#..##.# .##
##...............######.# ##
#...#..#o@.#..#...# #.#
##.......o.......## #.#
#####..#...#o#.#.#....# #.#
#...##...#...........######.##
#.###......#....#.....#.......
#.####.......#.......##.......
#...#..........#......#.......
#..###...............##.......
####.....#.#.#.#.#.#.#.#.........


You could see the friendly Bogwik the orc apostle (strong), the friendly Bolgrim
the orc apostle (strong) and the friendly Morbeogh the orc apostle (slow).

Vanquished Creatures
  the Royal Jelly (Slime:5)
  5 dread liches
  4 orbs of fire
  5 ancient liches
  Frederick (Crypt:1)
  Xtahua (Crypt:2)
  A juggernaut (Zig:12)
  3 shard shrikes (Zig:14)
  4 Killer Klowns
  Boris (Crypt:2)
  4 pandemonium lords
  Vv (Crypt:3)
  Margery (Depths:4)
  Geryon (Hell)
  2 caustic shrikes
  5 golden dragons
  A Tzitzimitl (D:14)
  A bone dragon (Abyss:3)
  2 electric golems
  A Brimstone Fiend (Zig:11)
  A hellephant (Hell)
  An Ice Fiend (D:11)
  Rupert (Lair:3)
  Mlioglotl (Shoals:2)
  6 liches
  23 Orb Guardians
  6 tentacled monstrosities
  3 sphinxes
  4 quicksilver dragons
  6 titans
  A walking frostbound tome (Zig:14)
  2 walking divine tomes
  A deep elf master archer (Elf:3)
  2 deep elf blademasters
  6 searing wretches
  14 acid blobs
  2 Executioners
  2 tentacled starspawn
  4 death cobs
  5 shadow dragons
  5 ancient champions
  A kraken (Shoals:1)
  Polyphemus (Shoals:2)
  6 tengu reavers
  Aizul (Shoals:4)
  Donald (Elf:1)
  2 daevas (Abyss:3)
  A fenstrider witch (Zig:7)
  3 revenants
  4 storm dragons
  5 rockslimes
  A fenstrider witch (shapeshifter) (Zig:16)
  A demonspawn warmonger (Zig:11)
  Ilsuiw (Shoals:4)
  5 protean progenitors
  11 fire giants
  10 azure jellies
  A draconian monk (Zot:1)
  2 deep elf sorcerers (Elf:3)
  7 draconian shifters
  An emperor scorpion (Spider:3)
  7 frost giants
  4 draconian knights
  10 vault wardens
  2 iron dragons
  4 curse skulls
  3 deep elf elementalists
  9 draconian scorchers
  4 balrugs
  10 reapers
  2 angels (Abyss:3)
  2 ghouls (Crypt:1)
  2 orc warlords (Vaults:1)
  4 ghost moths
  2 demonspawn corrupters (Depths:4)
  19 ironbound preservers
  5 draconian stormcallers
  5 formless jellyfish
  A juggernaut zombie (Abyss:3)
  7 quicksilver oozes
  2 spriggan defenders (Depths:3)
  4 cacodemons
  8 stone giants
  6 ironbound thunderhulks
  13 very ugly things
  2 deep elf death magi (Elf:2)
  4 draconian annihilators
  10 black draconians
  7 vampire knights
  A broodmother (Spider:3)
  A deep elf demonologist (Elf:3)
  2 deep elf annihilators (Elf:3)
  2 eleionomae
  A lorocyproca (Hell)
  8 white draconians
  A dire elephant (Vaults:1)
  A minotaur (Gauntlet)
  3 war gargoyles
  8 green draconians
  10 purple draconians
  8 yellow draconians
  A demonspawn black sun (Zig:11)
  6 red draconians
  4 spark wasps
  2 bunyips (Zig:7)
  An iron golem (Hell)
  An elf zombie (Crypt:3)
  4 green deaths
  A crystal guardian (Vaults:2)
  A jiangshi (Crypt:3)
  3 blizzard demons
  9 fire dragons
  4 eidola
  7 merfolk javelineers
  12 yaktaur captains
  9 ettins
  2 shambling mangroves (Zig:6)
  8 merfolk impalers
  6 great orbs of eyes
  5 deep elf high priests
  4 ice dragons
  4 entropy weavers
  A hell beast (Zig:11)
  2 caustic shrike simulacra (Zig:14)
  A ghost crab (Crypt:3)
  A salamander tyrant (Zig:13)
  Fannar (D:10)
  3 peacekeepers (Vaults:2)
  3 hydras
  31 vault guards
  3 rakshasas
  A spriggan zombie (Crypt:3)
  2 jorogumos
  A sphinx zombie (Depths:3)
  A fenstrider witch skeleton (Crypt:1)
  3 catoblepae
  2 juggernaut simulacra (Zig:14)
  A spriggan skeleton (Hell)
  An alligator (Zig:7)
  2 merfolk avatars (Shoals:4)
  3 boulder beetles
  5 spriggan air magi
  3 death knights
  13 centaur warriors
  7 two-headed ogres
  20 dancing weapons
  12 ironbound frosthearts
  4 radroaches
  A two-headed ogre (shapeshifter) (Vaults:5)
  6 satyrs
  2 alligator snapping turtles
  A stoker (Hell)
  8 demonic crawlers
  6 death yaks
  A deep troll shaman (Depths:1)
  4 deep troll earth magi
  5 holy swine (Abyss:3)
  2 thrashing horrors
  A titan zombie (Crypt:2)
  5 hell hogs
  6 spriggan berserkers
  5 vampire magi
  6 tengu warriors
  15 hell knights
  10 soul eaters
  2 orc high priests
  9 deep elf knights
  3 sun demons (Hell)
  3 wretched stars
  3 skysharks
  6 pharaoh ants
  A cherub (Zot:2)
  5 iron trolls
  2 sixfirhies
  A goliath frog (Zot:1)
  A shadow wraith (Zig:10)
  A spatial maelstrom (Zig:8)
  10 skeletal warriors
  6 flayed ghosts
  5 orb spiders
  A sea snake (shapeshifter) (Depths:1)
  A kraken simulacrum (Shoals:4)
  A mana viper (shapeshifter) (Vaults:4)
  4 glowing orange brains
  5 sea snakes
  3 bog bodies
  50 deep trolls
  2 sun moths
  A shadow demon (Depths:4)
  5 arcanists
  10 orc knights
  An orange crystal statue (Zot:5)
  4 lindwurms (Vaults:1)
  A golden dragon skeleton (Hell)
  2 deep elf archers
  A steelbarb worm (Spider:4)
  17 ironbound convokers
  21 phantasmal warriors
  An anaconda skeleton (Crypt:3)
  12 wolf spiders
  13 harpies
  A wolf spider zombie (Crypt:2)
  6 necromancers
  12 deep elf pyromancers
  16 deep elf zephyrmancers
  2 shining eyes
  4 orc sorcerers
  20 ugly things
  12 fauns
  A harpy (shapeshifter) (D:15)
  An oklob plant (Shoals:2)
  8 cyclopes
  Maurice (D:8)
  9 manticores
  An alligator skeleton (Crypt:1)
  5 will-o-the-wisps (Zig:13)
  3 worldbinders (Abyss:3)
  22 moths of wrath
  A fire giant skeleton (Crypt:2)
  A human skeleton (Hell)
  An apocalypse crab (Abyss:3)
  An eye of devastation (Zig:9)
  A meliai (Spider:4)
  A black mamba (shapeshifter) (Elf:2)
  2 elephants (Lair:5)
  A centaur zombie (Crypt:3)
  A kobold blastminer (Orc:2)
  5 merfolk sirens
  A black mamba (Lair:2)
  5 gargoyles
  8 rust devils
  5 orange demons
  An elephant slug zombie (Crypt:1)
  A naga zombie (Hell)
  A water nymph (shapeshifter) (Elf:2)
  A smoke demon (Lair:5)
  9 vault sentinels
  A naga skeleton (Crypt:3)
  4 water nymphs
  2 torpor snails
  5 cane toads
  A white draconian zombie (Crypt:2)
  A dire elephant skeleton (Hell)
  9 efreet
  Jeremiah (D:9)
  11 large abominations
  6 rime drakes
  4 komodo dragons
  8 freezing wraiths
  11 kobold demonologists
  4 hellions
  37 yaktaurs
  2 tormentors
  A sea snake zombie (Crypt:1)
  Psyche (D:12)
  A red draconian skeleton (Crypt:1)
  An unseen horror skeleton (Crypt:2)
  4 tengu conjurers
  6 ancient zymes
  4 ice devils
  A polar bear (shapeshifter) (D:15)
  8 wind drakes
  A hellwing (D:11)
  6 hornets
  16 trolls
  4 raiju
  22 merfolk
  18 tarantellas
  10 snapping turtles
  4 harpy skeletons
  15 blink frogs
  Grinder (D:6)
  7 glass eyes
  36 slime creatures
  2 ettin zombies
  6 dream sheep
  An air elemental (Elf:3)
  8 jumping spiders
  A jumping spider (shapeshifter) (Zig:15)
  53 yaks
  A dire elephant simulacrum (IceCv)
  5 spriggans
  16 culicivoras
  Sigmund (D:6)
  11 wraiths
  4 fire dragon skeletons (Crypt:3)
  5 water elementals
  5 shadows (Crypt:3)
  5 wyverns
  A fire elemental (Abyss:3)
  4 vampires (Crypt:3)
  A ynoxinul (Zig:8)
  3 steam dragons
  3 basilisks
  8 wargs
  4 golden eyes
  12 vampire mosquitoes
  2 neqoxecs (Abyss:3)
  An alligator snapping turtle simulacrum (Hell)
  5 chaos spawn
  21 redbacks
  A wind drake skeleton (Crypt:2)
  3 harpy simulacra
  An acid dragon (D:11)
  A hydra simulacrum (IceCv)
  4 water moccasins
  4 hell hounds
  12 laughing skulls
  7 ogres
  7 orc warriors
  3 black bears
  5 small abominations
  8 wolves
  3 boggarts (Vaults:1)
  A phantom (D:4)
  12 starcursed masses
  11 centaurs
  2 kobold brigands (D:7)
  Blork the orc (D:6)
  7 bullfrogs
  7 gnoll sergeants
  A cane toad simulacrum (IceCv)
  An elf skeleton (Crypt:1)
  4 earth elementals
  7 two-headed ogre simulacra (IceCv)
  2 scorpions
  22 wights
  An elephant simulacrum (IceCv)
  A polar bear skeleton (Crypt:1)
  4 howler monkeys
  A bombardier beetle (D:6)
  2 jellies (D:6)
  A centaur skeleton (Crypt:2)
  A gnoll bouda (D:5)
  2 hounds (D:4)
  10 orc priests
  A sleepcap (D:8)
  An iron imp (Abyss:1)
  An iguana (D:5)
  22 orc wizards
  Natasha (thrice) (D:4)
  3 spriggan simulacra
  10 hell rats
  2 troll simulacra (IceCv)
  A wolf simulacrum (IceCv)
  14 gnolls
  14 adders
  3 naga simulacra
  16 river rats (Lair:3)
  3 shadow imps
  6 white imps
  8 ufetubi
  3 ribbon worms
  2 dart slugs
  22 orcs
  4 bats
  7 endoplasms
  2 giant cockroaches
  8 goblins
  8 hobgoblins
  15 kobolds
  10 quokkas
  10 ball pythons
  6 frilled lizards
  A quokka skeleton (Crypt:1)
  13 rats
  3 aspiring fleshes
  A spectral weapon (D:14)
  4 starspawn tentacles
  6 tentacles
1956 creatures vanquished.

Vanquished Creatures (collateral kills)
  2 dread liches
  An orb of fire (Zig:13)
  An ancient lich (Zot:5)
  The ghost of Kaonimui the Slayer, a master DjHW of Makhleb (Zot:3)
  A juggernaut (Zig:12)
  2 Killer Klowns (Zot:5)
  A shard shrike (Zig:14)
  A caustic shrike (Depths:3)
  3 golden dragons
  Arachne (Spider:3)
  The ghost of Esecs the Devastator, a veteran GrEE of Lugonu (Crypt:2)
  2 iron giants (Zig:12)
  4 pandemonium lords
  An electric golem (Zot:5)
  3 liches
  A Hell Sentinel (Zig:11)
  7 tentacled monstrosities
  3 titans (Vaults:5)
  10 Orb Guardians
  A quicksilver dragon (Zot:5)
  A deep elf master archer (Elf:3)
  4 sphinxes
  A deep elf blademaster (Elf:3)
  9 acid blobs
  An Executioner (Zig:11)
  Agnes (D:14)
  3 shadow dragons
  2 storm dragons (Zot:5)
  3 tengu reavers (Vaults:5)
  4 rockslimes
  The ghost of Ytoxtayn the Fencer, an adept CoBe of Trog (D:15)
  6 azure jellies
  2 revenants
  A fenstrider witch (Zig:7)
  A daeva (Abyss:3)
  A protean progenitor (Zot:5)
  3 fire giants
  2 iron dragons (Vaults:5)
  2 ghost moths
  3 frost giants
  A balrug (Zig:11)
  2 draconian knights (Zig:14)
  3 deep elf sorcerers
  8 vault wardens
  An emperor scorpion (Spider:2)
  4 ghouls
  5 deep elf elementalists
  3 formless jellyfish
  4 ironbound preservers
  A reaper (Crypt:2)
  5 orc warlords
  A broodmother (Spider:3)
  13 very ugly things
  6 quicksilver oozes
  8 stone giants
  A demonspawn blood saint (D:5)
  3 ironbound thunderhulks
  3 vampire knights
  A caustic shrike skeleton (Crypt:3)
  5 deep elf death magi
  4 deep elf demonologists (Elf:3)
  2 purple draconians (Depths:4)
  3 white draconians
  A dire elephant (Vaults:1)
  2 deep elf annihilators
  3 black draconians
  A demonspawn black sun (Zig:11)
  3 war gargoyles
  2 yellow draconians
  An eidolon (Crypt:3)
  3 spark wasps
  6 yaktaur captains
  3 merfolk impalers (Shoals:4)
  9 ettins
  A deep elf high priest (Elf:3)
  Snorg (D:13)
  A vault guard (Vaults:2)
  2 jiangshi
  2 entropy weavers
  2 fire dragons
  4 rakshasas
  4 hydras
  4 great orbs of eyes
  2 peacekeepers
  2 ice dragons
  2 ogre magi
  2 merfolk avatars
  4 radroaches
  3 catoblepae
  11 boulder beetles
  5 ironbound frosthearts
  3 centaur warriors
  2 spriggan air magi
  2 alligator snapping turtles
  20 dancing weapons
  6 tengu warriors
  A death knight (Crypt:1)
  A two-headed ogre (D:13)
  11 death yaks
  An occultist (Depths:1)
  A vampire mage (Crypt:3)
  7 demonic crawlers
  3 hell hogs (D:13)
  2 deep troll earth magi
  4 thrashing horrors
  3 orc high priests
  2 spriggan berserkers (Depths:3)
  11 deep elf knights
  3 soul eaters
  5 spriggans
  A sun demon (Depths:2)
  6 pharaoh ants
  A sixfirhy (D:11)
  4 hell knights
  A shadow wraith (Crypt:2)
  2 spatial maelstroms (Zig:8)
  The ghost of arrowsters the Fighter, a novice OnGl (D:7)
  15 deep trolls
  3 iron trolls
  10 skeletal warriors
  6 sea snakes
  2 glowing orange brains
  7 flayed ghosts
  An elf simulacrum (Crypt:2)
  4 large abominations
  4 arcanists
  A swamp dragon (Zig:2)
  5 orb spiders
  A sun moth (Zig:4)
  2 ironbound convokers
  A lindwurm (Lair:4)
  An obsidian statue (D:15)
  A bog body (IceCv)
  8 steelbarb worms
  10 deep elf archers
  4 orc knights
  9 harpies
  7 phantasmal warriors
  3 thermic dynamos
  A necromancer (Crypt:2)
  11 deep elf zephyrmancers
  2 tengu skeletons (Depths:3)
  An orc sorcerer (Orc:1)
  9 wolf spiders (Spider:3)
  13 deep elf pyromancers
  2 will-o-the-wisps
  10 cyclopes
  3 elephants (Lair:5)
  11 ugly things
  4 moths of wrath
  3 black mambas
  4 manticores
  6 meliai
  4 water nymphs
  2 eyes of devastation
  4 apocalypse crabs
  A kobold blastminer (Orc:2)
  5 vault sentinels
  7 merfolk sirens
  An ice statue (IceCv)
  3 torpor snails
  A smoke demon (Elf:3)
  2 orange demons (Shoals:3)
  3 cane toads
  A hellion (D:10)
  4 gargoyles
  An eye of devastation (shapeshifter) (Vaults:5)
  3 komodo dragons
  6 freezing wraiths
  3 kobold demonologists (D:13)
  A rime drake (Lair:2)
  An efreet (D:14)
  2 anaconda simulacra (IceCv)
  A hydra zombie (Crypt:2)
  2 tengu conjurers (D:13)
  10 yaktaurs
  9 trolls
  A red devil (D:11)
  A harpy zombie (Abyss:1)
  11 merfolk
  5 polar bears
  3 wind drakes
  18 blink frogs
  A snapping turtle (Shoals:3)
  17 tarantellas
  2 trolls (shapeshifter)
  7 hornets
  A glass eye (Depths:1)
  A dream sheep (Shoals:1)
  4 raiju
  3 ynoxinuls
  30 slime creatures
  A centaur simulacrum (Crypt:2)
  18 jumping spiders
  2 shadows (Crypt:3)
  2 air elementals (Elf:1)
  4 wyverns
  2 water elementals
  A vampire (Crypt:3)
  5 culicivoras
  2 fire dragon skeletons (Crypt:3)
  A dire elephant simulacrum (IceCv)
  3 wraiths
  3 fire elementals (Elf:1)
  4 golden eyes
  2 basilisks
  5 wargs (D:13)
  16 yaks
  A steam dragon (Lair:1)
  3 vampire mosquitoes
  19 redbacks
  3 neqoxecs
  2 chaos spawn
  12 small abominations
  An acid dragon (shapeshifter) (D:13)
  A hydra simulacrum (IceCv)
  9 water moccasins
  3 hell hounds
  A faun skeleton (Crypt:1)
  5 laughing skulls
  4 orc warriors
  5 wolves
  A centaur (D:14)
  6 ogres
  6 starcursed masses
  2 weeping skulls (Abyss:3)
  A brain worm (Abyss:3)
  4 bullfrogs
  3 gnoll sergeants
  3 two-headed ogre simulacra (IceCv)
  A cyclops zombie (Crypt:2)
  2 earth elementals (Elf:3)
  A draconian skeleton (Crypt:2)
  A wyvern skeleton (Crypt:1)
  An elephant simulacrum (IceCv)
  An electric eel (Lair:5)
  2 quasits
  An orc priest (Orc:2)
  An iron imp (Abyss:3)
  3 orc wizards
  A hell rat (Lair:3)
  3 spriggan simulacra
  A polar bear simulacrum (IceCv)
  A wolf simulacrum (IceCv)
  A river rat (Lair:3)
  A swamp drake zombie (Crypt:1)
  2 white imps (IceCv)
  4 ufetubi (IceCv)
  2 orcs (Orc:2)
  A kobold (D:7)
  A quokka zombie (Crypt:2)
  2 rats (Lair:3)
  A lurking horror (Abyss:3)
  A spectral weapon (Shoals:1)
  A starspawn tentacle (Abyss:3)
945 creatures vanquished.

Vanquished Creatures (others)
  A dread lich (Crypt:3)
  Saint Roka (Depths:2)
  A storm dragon (Depths:4)
  3 fire giants
  A draconian knight (Zot:2)
  25 orc warlords
  A draconian stormcaller (Depths:4)
  An ettin (Zig:12)
  30 orc apostles
  17 orc high priests
  48 orc knights
  An orc sorcerer (Orc:2)
  A cyclops (Orc:1)
  A dream sheep (shapeshifter) (Zig:16)
  A culicivora (Spider:4)
  40 orc warriors
  30 orc priests
  5 orc wizards
  16 orcs
  27 foxfires
  7 starspawn tentacles
  11 tentacles
269 creatures vanquished.

Grand Total: 3170 creatures vanquished

Notes
Turn   | Place    | Note
-------+----------+-------------------------------------------
     0 | D:1      | jagoly the Naga Wanderer began the quest for the Orb.
     0 | D:1      | jagoly set off with the following items: a +2 quarterstaff,
                  | a +0 short sword, a +0 cloak, a scroll of teleportation, a
                  | +0 leather armour.
     0 | D:1      | Reached XP level 1. HP: 19/19 MP: 1/1
   208 | D:1      | Reached XP level 2. HP: 26/26 MP: 2/2
   226 | D:1      | Reached skill level 5 in Stealth
   440 | D:1      | Reached XP level 3. HP: 32/32 MP: 3/3
  1002 | D:2      | Found a faded altar of an unknown god.
  1697 | D:3      | Reached XP level 4. HP: 39/39 MP: 4/4
  1869 | D:4      | Reached skill level 5 in Staves
  1953 | D:4      | Noticed Natasha
  1961 | D:4      | Killed Natasha
  1962 | D:4      | Reached XP level 5. HP: 37/45 MP: 5/5
  1964 | D:4      | Noticed Natasha
  1983 | D:4      | Killed Natasha
  2051 | D:4      | Noticed Natasha
  2056 | D:4      | Killed Natasha
  2127 | D:4      | Identified the +8 hand axe "Orinaann" {flame, Dex+2}
  2440 | D:4      | Identified the +9 short sword "Sevinem" {freeze, +Blink
                  | Str+5}
  2451 | D:4      | Reached XP level 6. HP: 52/56 MP: 6/6
  2808 | D:3      | Found a radiant altar of Vehumet.
  3002 | D:3      | Identified the +10 hand axe of Akotoo {heavy, *Rage rF++
                  | Stlth+}
  3105 | D:5      | Entered Level 5 of the Dungeon
  3481 | D:4      | Reached skill level 5 in Fighting
  3481 | D:4      | Reached XP level 7. HP: 48/67 MP: 7/7
  4005 | D:5      | Found a hazy altar of Hepliaklqana.
  4009 | D:5      | Found a shimmering altar of Xom.
  4020 | D:5      | Found a glowing silver altar of Zin.
  4677 | D:5      | Reached XP level 8. HP: 73/78 MP: 8/8
  4744 | D:6      | Noticed Sigmund
  4749 | D:6      | Killed Sigmund
  4811 | D:6      | Became a worshipper of Beogh the Shepherd
  5029 | D:6      | Reached skill level 1 in Axes
  5079 | D:6      | Noticed Grinder
  5126 | D:7      | Found a transporter.
  5537 | D:7      | Noticed arrowsters's ghost (novice OnGl)
  5542 | D:7      | Found a transporter.
  5546 | D:7      | Noticed a moth of wrath
  5550 | D:7      | Found a bloodstained altar of Trog.
  5560 | D:7      | Noticed a troll
  6094 | D:6      | Reached XP level 9. HP: 82/88 MP: 9/9
  6219 | D:6      | Found a snail-covered altar of Cheibriados.
  6281 | D:6      | Found a staircase to the Ecumenical Temple.
  6373 | D:6      | Reached skill level 5 in Axes
  6500 | D:6      | Found an iron altar of Okawaru.
  6504 | D:6      | Noticed Blork the orc
  6527 | D:6      | Found a bloodstained altar of Trog.
  6540 | D:6      | Reached skill level 1 in Evocations
  6551 | D:6      | Killed Blork the orc
  6895 | D:6      | Killed Grinder
  6895 | D:6      | Reached * piety under Beogh
  7129 | D:8      | Noticed a gargoyle
  7137 | D:8      | Killed a gargoyle
  7814 | D:8      | Found a hide-covered altar of Uskayaw.
  7829 | D:8      | Noticed Maurice
  7835 | D:8      | Paralysed by Maurice for 4 turns
  7841 | D:8      | Killed Maurice
  7842 | D:8      | Reached XP level 10. HP: 96/96 MP: 8/10
  8754 | D:9      | Reached skill level 10 in Axes
  8856 | D:9      | Noticed Jeremiah
  8921 | D:9      | Killed Jeremiah
  8922 | D:9      | Reached skill level 1 in Throwing
  9294 | D:9      | Found a staircase to the Lair.
  9973 | D:9      | Found Foana's General Store.
 10069 | D:9      | Reached ** piety under Beogh
 10803 | D:9      | Reached XP level 11. HP: 87/103 MP: 11/11
 10879 | D:10     | Entered Level 10 of the Dungeon
 11318 | D:10     | Noticed Fannar
 11696 | D:10     | Noticed a two-headed ogre
 11765 | D:10     | Identified the +0 robe of Backiph {rF- Dex+2 SInv}
 12383 | D:11     | Noticed a two-headed ogre
 12397 | D:11     | Noticed a cyclops
 12562 | D:11     | Noticed a two-headed ogre
 12736 | D:11     | Found a staircase to the Orcish Mines.
 12900 | D:11     | Noticed a manticore
 12915 | D:11     | Killed a manticore
 12966 | D:11     | Noticed a cyclops
 12975 | D:11     | Killed a cyclops
 12976 | D:11     | Reached skill level 5 in Evocations
 13000 | D:11     | Killed a two-headed ogre
 13539 | D:11     | Killed a two-headed ogre
 13652 | D:11     | Killed a cyclops
 13652 | D:11     | Reached *** piety under Beogh
 13653 | D:11     | Reached XP level 12. HP: 73/110 MP: 12/12
 13687 | D:11     | Identified the +1 robe of the Bard {rF- rCorr Dex+2}
 13687 | D:11     | Noticed Bogdar
 13750 | D:11     | Reached skill level 10 in Stealth
 14113 | D:10     | Killed Fannar
 14163 | D:9      | Bought a scroll of teleportation for 39 gold pieces
 14229 | D:12     | Noticed a two-headed ogre
 14230 | D:12     | Killed a two-headed ogre
 14254 | D:12     | Reached skill level 1 in Dodging
 14359 | D:12     | Noticed Psyche
 14364 | D:12     | Killed Psyche
 14510 | D:12     | Noticed Urug
 14514 | D:12     | Pacified Urug
 14817 | D:12     | Identified the ring "Nulichea" {rElec rPois Int+5 Dex+3}
 14927 | D:12     | Noticed Bogric
 14939 | D:12     | Anointed Bogric the warrior as your apostle
 14980 | D:12     | Reached skill level 10 in Fighting
 14980 | D:12     | Reached skill level 1 in Shields
 15148 | Lair:1   | Entered Level 1 of the Lair of Beasts
 15175 | Lair:1   | Reached skill level 2 in Shields
 15229 | Lair:1   | Reached skill level 3 in Shields
 15313 | Lair:1   | Reached skill level 4 in Shields
 15381 | Lair:1   | Reached **** piety under Beogh
 15387 | Lair:1   | Reached skill level 5 in Shields
 15552 | Lair:1   | Gained mutation: You can use your snake-like lower body to
                  | constrict enemies. [Naga growth]
 15552 | Lair:1   | Reached XP level 13. HP: 116/123 MP: 13/13
 15590 | Lair:1   | Reached skill level 6 in Shields
 15685 | Lair:1   | Reached skill level 7 in Shields
 16187 | Lair:2   | Reached skill level 8 in Shields
 16218 | Lair:2   | Identified the +6 quarterstaff "Cookie Cutter" {holy, rF-
                  | rN++}
 16267 | Lair:2   | Found a hole to the Spider Nest.
 16309 | Lair:2   | Reached skill level 1 in Invocations
 16309 | Lair:2   | Reached ***** piety under Beogh
 16317 | Lair:2   | Reached skill level 9 in Shields
 16344 | Lair:2   | Anointed Morguth the warrior as your apostle
 16458 | Lair:2   | Found a frozen archway.
 16474 | IceCv    | Entered an ice cave
 17161 | IceCv    | Reached skill level 10 in Shields
 17169 | IceCv    | Reached skill level 5 in Invocations
 18122 | Lair:3   | Found a gate leading to a gauntlet.
 18138 | Gauntlet | Entered a Gauntlet
 18138 | Gauntlet | Found a transporter.
 18138 | Gauntlet | Found a transporter.
 18150 | Gauntlet | Found a transporter.
 18151 | Gauntlet | Found a transporter.
 18161 | Gauntlet | Found a transporter.
 18165 | Gauntlet | Found a transporter.
 18177 | Gauntlet | Found a transporter.
 18193 | Gauntlet | Found a transporter.
 18197 | Gauntlet | Found a transporter.
 18218 | Gauntlet | Found a transporter.
 18220 | Gauntlet | Found a runed translucent door.
 18224 | Gauntlet | Found a runed translucent door.
 18230 | Gauntlet | Found a transporter.
 18234 | Gauntlet | Found a transporter.
 18277 | Gauntlet | Reached XP level 14. HP: 132/133 MP: 18/18
 18345 | Gauntlet | Identified the ring of the Shishi {rPois MP-9 Str+6 Slay+4
                  | SInv}
 18378 | Gauntlet | Identified the +0 troll leather armour of Moummuy {Harm
                  | Rampage Will- Regen+}
 18437 | Lair:3   | Noticed Rupert
 18448 | Lair:3   | Found a staircase to the Shoals.
 18790 | Lair:3   | Killed Rupert
 18866 | Lair:3   | Anointed Agrik the warrior as your apostle
 19402 | Lair:4   | Reached ****** piety under Beogh
 19655 | Lair:4   | Reached skill level 10 in Invocations
 19699 | Lair:4   | Found a staircase to the Slime Pits.
 20303 | Lair:5   | Entered Level 5 of the Lair of Beasts
 20422 | Lair:5   | Reached XP level 15. HP: 138/144 MP: 23/23
 20653 | Lair:5   | Found a shimmering blue altar of Sif Muna.
 20915 | Lair:5   | Identified the +6 war axe of Jacrus {heavy, *Rage rC+
                  | Dex+2}
 20928 | Lair:5   | Anointed Morbeogh the priest as your apostle
 21100 | Lair:5   | Found a corrupted altar of Lugonu.
 21100 | Lair:5   | Found a one-way gate to the infinite horrors of the Abyss.
 21100 | Lair:5   | Found the sphere of Battle
 21539 | D:7      | Killed arrowsters's ghost
 21713 | Orc:1    | Entered Level 1 of the Orcish Mines
 21863 | Orc:2    | Entered Level 2 of the Orcish Mines
 22031 | Orc:2    | Found a roughly hewn altar of Beogh.
 22054 | Orc:2    | Found Jeeneput's Book Emporium.
 22058 | Orc:2    | Noticed an orc warlord
 22064 | Orc:2    | Killed an orc warlord
 22070 | Orc:2    | Found Utzat's Antique Armour Emporium.
 22404 | Orc:2    | Found a staircase to the Elven Halls.
 22442 | Orc:2    | Found Enoarhuel's General Store.
 22448 | Orc:2    | Bought a scroll of immolation for 40 gold pieces
 22457 | Orc:2    | Found Red Gybe's Antique Weapon Emporium.
 22914 | Orc:2    | Bought an ichor-stained cloak for 256 gold pieces
 22914 | Orc:2    | Identified the +1 cloak of Misanthropy {Harm *Slow rElec
                  | Slay+4} (You bought it in a shop on level 2 of the Orcish
                  | Mines)
 22914 | Orc:2    | Bought a runed cloak for 202 gold pieces
 23074 | D:13     | Found Beazxoj's Distillery.
 23082 | D:13     | Bought a potion of resistance for 110 gold pieces
 23082 | D:13     | Bought a potion of magic for 88 gold pieces
 23194 | D:13     | Reached skill level 1 in Armour
 23653 | D:13     | Noticed Snorg
 23657 | D:13     | Killed Snorg
 23658 | D:13     | Reached XP level 16. HP: 159/159 MP: 25/25
 24206 | D:14     | Reached skill level 11 in Shields
 24208 | D:14     | Noticed Agnes
 24213 | D:14     | Identified the +10 hand axe "Sikinoxt" {venom, *Slow rElec
                  | Int+5}
 24229 | D:14     | Anointed Korbok the priest as your apostle
 24373 | D:14     | Killed Agnes
 24478 | D:14     | Found Xarhases's Book Shoppe.
 24731 | D:14     | Reached skill level 12 in Shields
 24762 | D:14     | Found a gate to the Vaults.
 24992 | D:15     | Entered Level 15 of the Dungeon
 24997 | D:15     | Found Vaissoho's Assorted Antiques.
 25089 | D:15     | Reached skill level 5 in Armour
 25089 | D:15     | Reached skill level 5 in Dodging
 25300 | D:15     | Noticed Ytoxtayn's ghost (adept CoBe)
 25304 | D:15     | Found a transporter.
 25494 | D:15     | Found a transporter.
 25640 | D:15     | Found a staircase to the Depths.
 25992 | D:15     | Identified the ring of Birdsong {Fire *Corrode rElec rN+
                  | Stlth+}
 26011 | D:15     | Bought a glowing barding for 728 gold pieces
 26217 | Spider:1 | Entered Level 1 of the Spider Nest
 27016 | Spider:2 | Reached XP level 17. HP: 144/166 MP: 26/26
 27332 | Spider:2 | Your ally Korbok died
 27902 | Spider:3 | Noticed Arachne
 27916 | Spider:3 | Killed Arachne
 28572 | Spider:3 | Your ally Korbok died
 28777 | Spider:3 | Your ally Agrik died
 28974 | Spider:4 | Entered Level 4 of the Spider Nest
 28981 | Spider:4 | Reached XP level 18. HP: 175/175 MP: 0/27
 29190 | Spider:4 | Reached skill level 10 in Armour
 29200 | Spider:4 | Reached skill level 10 in Dodging
 29673 | Spider:4 | Your ally Morbeogh died
 29736 | Spider:4 | Reached skill level 13 in Shields
 29768 | Spider:4 | Got a gossamer rune of Zot
 30074 | Spider:4 | Upgraded the game from 0.32-a0-540-g866d131 to
                  | 0.32-a0-543-gefe9712
 30113 | Spider:2 | Identified the +9 dire flail of Victory {venom, *Corrode
                  | rElec rF+}
 30126 | Spider:2 | Anointed Bolgrim the warrior as your apostle
 30324 | D:15     | Bought a scroll of enchant armour for 210 gold pieces
 30482 | Elf:1    | Entered Level 1 of the Elven Halls
 30777 | Elf:1    | Noticed Donald
 30782 | Elf:1    | Killed Donald
 30851 | Elf:1    | Identified the +7 quarterstaff of Sharing Evisceration
                  | {protect, ^Contam Fly rC+ rN+}
 30983 | Elf:1    | Found Liddur's Armour Shop.
 30988 | Elf:1    | Found Uthrypadi's Armour Shop.
 31052 | Elf:1    | Paralysed by an air elemental for 1 turns
 31177 | Elf:1    | Identified the +2 ring mail of Action {rN+ Dex+4}
 31264 | Elf:1    | Paralysed by an air elemental for 1 turns
 31272 | Elf:1    | Reached skill level 15 in Fighting
 31285 | Elf:1    | Reached skill level 14 in Shields
 31954 | Elf:2    | Reached XP level 19. HP: 188/188 MP: 28/28
 32145 | Elf:2    | Found a runed translucent gate.
 32146 | Elf:2    | Found a runed translucent gate.
 32146 | Elf:2    | Found a runed translucent gate.
 33020 | Elf:3    | Entered Level 3 of the Elven Halls
 33386 | Elf:3    | Reached skill level 10 in Evocations
 33586 | Elf:3    | Found Imeamus's CLEARANCE SALE!.
 33871 | Elf:3    | Noticed a Brimstone Fiend
 33948 | Elf:3    | Your ally Korbok died
 33955 | Elf:3    | Your ally Morbeogh died
 33984 | Elf:3    | Reached skill level 15 in Axes
 34023 | Elf:3    | Identified the +0 pair of gloves of Gadael {Rampage Str+4}
 34237 | Elf:3    | Noticed an Ice Fiend
 34307 | Elf:3    | Found the +6 arbalest "Damnation" {damnation}
 34308 | Elf:3    | Found the macabre finger necklace {Finger+ rN+}
 34335 | Elf:3    | Identified the +9 war axe of Jeocur {drain, rCorr Dex-5
                  | Stlth+}
 34351 | Elf:3    | Identified the amulet "Beaq Cyo" {Spirit *Corrode rPois
                  | Dex+9}
 34353 | Elf:3    | Got the Catalogue of Gaseous Xanthosis
 34362 | Elf:3    | Identified the ring "Ijuefypu" {Ice rElec}
 34366 | Elf:3    | Identified the +5 rapier "Ipapym" {spect, *Noise rN+
                  | Stlth+}
 34368 | Elf:3    | Identified the ring of the Solstice {rF+ Will+ Str+3
                  | Stlth+}
 34794 | Shoals:1 | Entered Level 1 of the Shoals
 34823 | Shoals:1 | Reached XP level 20. HP: 196/196 MP: 30/30
 35733 | Shoals:2 | Found a white marble altar of Elyvilon.
 35789 | Shoals:2 | Noticed Mlioglotl
 35803 | Shoals:2 | Killed Mlioglotl
 36068 | Shoals:2 | Noticed Polyphemus
 36083 | Shoals:2 | Killed Polyphemus
 36687 | Shoals:3 | Found a broken altar of Ashenzari.
 36800 | Shoals:3 | Found Zoero's Merfolk Magic.
 36800 | Shoals:3 | Found Zoero's Visitors' Centre.
 36869 | Shoals:3 | Found an ancient bone altar of Kikubaaqudgha.
 37005 | Shoals:3 | Found Zoero's Merfolk Weapons.
 37005 | Shoals:3 | Found Zoero's Merfolk Armours.
 37488 | Shoals:4 | Entered Level 4 of the Shoals
 37594 | Shoals:4 | Identified the serpent talisman of Jenywew {rN+ rCorr
                  | Dex+3}
 37594 | Shoals:4 | Noticed Aizul
 37603 | Shoals:4 | Killed Aizul
 37736 | Shoals:4 | Reached skill level 5 in Throwing
 37810 | Shoals:4 | Found the +8 Wrath of Trog {antimagic, *Rage Rampage}
 38017 | Shoals:4 | Your ally Morbeogh died
 38069 | Shoals:4 | Got a barnacled rune of Zot
 38151 | Shoals:4 | Noticed Ilsuiw
 38157 | Shoals:4 | Killed Ilsuiw
 38160 | Shoals:4 | Your ally Korbok died
 38162 | Shoals:4 | Your ally Bolgrim died
 38596 | Shoals:4 | Reached XP level 21. HP: 205/205 MP: 32/32
 38609 | Shoals:4 | Reached skill level 15 in Invocations
 39141 | Vaults:1 | Entered Level 1 of the Vaults
 40281 | Vaults:1 | Identified the +1 ring mail of Spite {rC+ Dex+2}
 40424 | Vaults:2 | Found Ecweojol's Magic Scroll Shop.
 40431 | Vaults:2 | Bought 3 scrolls of blinking for 270 gold pieces
 40550 | Vaults:2 | Identified the +4 leather armour "Pueden" {rElec rN+++
                  | Dex-3 Stlth-}
 40736 | Vaults:2 | Your ally Korbok died
 40958 | Vaults:2 | Reached XP level 22. HP: 206/213 MP: 34/34
 42151 | Vaults:3 | Identified the +12 flail of Cakkipt {freeze, ^Fragile rN+
                  | rCorr Int+4}
 42157 | Vaults:3 | Found Ucoit's Book Boutique.
 42169 | Vaults:3 | Learned a level 2 spell: Blink
 42172 | Vaults:3 | Learned a level 2 spell: Lesser Beckoning
 42249 | Vaults:3 | Found a staircase to the Crypt.
 42249 | Vaults:3 | Found a basalt altar of Yredelemnul.
 42249 | Vaults:3 | Found an ancient bone altar of Kikubaaqudgha.
 42386 | Vaults:3 | Identified a scroll of acquirement
 42424 | Vaults:3 | Acquired a manual of Stealth
 42869 | Vaults:4 | Reached skill level 15 in Shields
 42989 | Vaults:4 | Paralysed by a formless jellyfish for 1 turns
 43665 | Vaults:4 | Reached skill level 15 in Stealth
 43685 | Vaults:4 | Your ally Korbok died
 43706 | Vaults:4 | Anointed Bogwik the warrior as your apostle
 44053 | Depths:1 | Entered Level 1 of the Depths
 44085 | Depths:1 | Reached XP level 23. HP: 209/228 MP: 35/35
 44183 | Depths:1 | Identified the +4 scale mail "Cuerircho" {-Tele rF+ rCorr
                  | Int+2}
 44344 | Depths:1 | Reached skill level 16 in Shields
 44434 | Depths:1 | Found Jafod's Weapon Emporium.
 44902 | Depths:1 | Found a gateway to Hell.
 44912 | Depths:1 | Found a runed translucent door.
 45054 | Depths:1 | Identified the +3 flail of Drought {freeze, rPois rF+ Str-2
                  | Dex+2}
 45056 | Depths:1 | Identified the +7 hand axe "Geryba" {speed, rPois Str+4
                  | Dex-5 Stlth+}
 45240 | Depths:2 | Noticed Saint Roka
 45251 | Depths:2 | Pacified Saint Roka
 45253 | Depths:2 | Killed Saint Roka
 45425 | Depths:2 | Found a one-way gate leading to the halls of Pandemonium.
 45472 | Depths:2 | Found a one-way gateway to a ziggurat.
 45687 | Depths:2 | You are sucked into a shaft and drop 2 floors!
 45687 | Depths:4 | Entered Level 4 of the Depths
 45689 | Depths:4 | Found a gate to the Realm of Zot.
 45711 | Depths:4 | Your ally Korbok died
 45711 | Depths:4 | Your ally Bogwik died
 45737 | Depths:4 | Your ally Morbeogh died
 45926 | Depths:4 | Got a midnight gem with 678 turns to spare
 46190 | Depths:4 | Noticed Margery
 46366 | Depths:4 | Noticed a golden dragon
 46377 | Depths:4 | Killed a golden dragon
 46449 | Depths:4 | Killed Margery
 46530 | Depths:4 | Lost the midnight gem through the power of Zot.
 46783 | Depths:4 | Identified the +7 sling "Qenig" {antimagic, rF++ Will-
                  | SInv}
 46803 | Depths:4 | Found Jeifuggus's Antique Armour Emporium.
 47233 | Depths:3 | Identified the +0 robe "Duc Cih" {rF+ Stlth+}
 47240 | Depths:3 | Your ally Korbok died
 47257 | Depths:3 | Reached XP level 24. HP: 67/243 MP: 20/35
 47262 | Depths:3 | Anointed Zartorak the wizard as your apostle
 48040 | Depths:3 | Your ally Zartorak died
 48058 | Depths:3 | Noticed a caustic shrike
 48061 | Depths:3 | Your ally Morbeogh died
 48066 | Depths:3 | Killed a caustic shrike
 48268 | Depths:3 | Noticed a caustic shrike
 48273 | Depths:3 | Killed a caustic shrike
 48274 | Depths:3 | Reached skill level 10 in Throwing
 49382 | Depths:2 | Found a runed translucent door.
 49384 | Depths:2 | Found a runed translucent door.
 49577 | Depths:2 | Found the +0 pair of fencer's gloves {Riposte Dex+3}
 49630 | Depths:2 | Identified the +6 arbalest "Starlight" {flame, Str+2 Int+2}
 49958 | D:15     | Killed Ytoxtayn's ghost
 50173 | Vaults:2 | Bought a scroll of enchant armour for 90 gold pieces
 50270 | Crypt:1  | Entered Level 1 of the Crypt
 50437 | Crypt:1  | Identified the orb of Suenn {*channel, Harm rElec Regen+
                  | Dex+2}
 50437 | Crypt:1  | Noticed Frederick
 50446 | Crypt:1  | Killed Frederick
 51394 | Crypt:2  | Identified the orb of the Sheltering Gods {light, Harm}
 51448 | Crypt:2  | Reached XP level 25. HP: 206/252 MP: 35/35
 51463 | Crypt:2  | Anointed Bolgrim the warrior as your apostle
 51690 | Crypt:2  | Found a runed translucent door.
 51691 | Crypt:2  | Noticed Esecs's ghost (veteran GrEE)
 51701 | Crypt:2  | Noticed Xtahua
 51711 | Crypt:2  | Killed Xtahua
 51712 | Crypt:2  | Identified the +2 robe of the Jabberwock {rN+}
 51712 | Crypt:2  | Noticed Boris
 51720 | Crypt:2  | Killed Boris
 52311 | Crypt:2  | Killed Esecs's ghost
 52359 | Crypt:3  | Entered Level 3 of the Crypt
 52595 | Crypt:3  | Noticed Vv
 52603 | Crypt:3  | Killed Vv
 52651 | Crypt:3  | Identified the staff "Worm" {rC+ rN+ rCorr Necro}
 52687 | Crypt:3  | Reached skill level 17 in Shields
 53340 | Crypt:3  | Noticed a dread lich
 53346 | Crypt:3  | Killed a dread lich
 53466 | Crypt:3  | Noticed a dread lich
 53472 | Crypt:3  | Killed a dread lich
 53484 | Crypt:3  | Found a staircase to the Tomb.
 53499 | Crypt:3  | Noticed an ancient lich
 53506 | Crypt:3  | Killed an ancient lich
 53507 | Crypt:3  | Reached skill level 18 in Shields
 54205 | Crypt:2  | Found a basalt altar of Yredelemnul.
 55264 | Vaults:5 | Entered Level 5 of the Vaults
 55291 | Vaults:5 | Reached skill level 19 in Shields
 55304 | Vaults:5 | Your ally Morbeogh died
 55313 | Vaults:5 | Your ally Bogwik died
 55316 | Vaults:5 | Your ally Bolgrim died
 55337 | Vaults:5 | Reached XP level 26. HP: 151/261 MP: 35/35
 55357 | Vaults:5 | Reached skill level 20 in Shields
 55376 | Vaults:5 | Noticed a dread lich
 55382 | Vaults:5 | Killed a dread lich
 56130 | Vaults:5 | Identified the +8 arbalest of Delightful Defiance {penet,
                  | Dex+4}
 56164 | Vaults:5 | Noticed an ancient lich
 56168 | Vaults:5 | Killed an ancient lich
 56248 | Vaults:5 | Identified the ring "Roatavic" {rElec rF+ rCorr Int-5
                  | Dex+3}
 56257 | Vaults:5 | Reached skill level 15 in Armour
 56401 | Vaults:5 | Found Tuly's Armour Shoppe.
 56490 | Vaults:5 | Got Sif Muna's Volume of Leucosis and Geometry
 56646 | Vaults:5 | Identified the +5 chain mail of Nucic {*Slow rC+ Regen+
                  | Dex+3}
 56711 | Vaults:5 | Got a silver rune of Zot
 56885 | Vaults:4 | Identified the +2 broad axe of Res Ipsa Loquitur {freeze,
                  | rC- rN++ SInv}
 57128 | D:13     | Bought 2 potions of mutation for 176 gold pieces
 57128 | D:13     | Bought a potion of curing for 33 gold pieces
 57128 | D:13     | Bought a potion of curing for 33 gold pieces
 57128 | D:13     | Bought a potion of mutation for 88 gold pieces
 57128 | D:13     | Bought a potion of curing for 33 gold pieces
 57128 | D:13     | Bought a potion of enlightenment for 55 gold pieces
 57331 | Slime:1  | Entered Level 1 of the Pits of Slime
 57490 | Slime:5  | Entered Level 5 of the Pits of Slime
 57539 | Slime:5  | Your ally Morbeogh died
 57554 | Slime:5  | Noticed the Royal Jelly
 57584 | Slime:5  | Killed the Royal Jelly
 57634 | Slime:5  | Paralysed by a formless jellyfish for 1 turns
 57665 | Slime:5  | Identified the +2 leather armour "Nepud" {Harm rF+ Int+3}
 57706 | Slime:5  | Got a starry gem with 179 turns to spare
 57710 | Slime:5  | Got a slimy rune of Zot
 57711 | Slime:5  | Identified the ring of Miracles {rC+ Dex+5}
 57787 | Slime:5  | Identified the +2 glaive of Disembowelment {flame, rCorr
                  | Str-4 Int-5 Dex+6}
 57790 | Slime:5  | Identified the +7 spear "Worm's Wrath" {freeze, rN++ Int-2
                  | SInv}
 57791 | Slime:5  | Identified the amulet "Eczidiq" {Regen+ Dex+3}
 57802 | Slime:5  | Identified the +8 shortbow of Lulauxto {freeze, Will+
                  | Str+6}
 57848 | Slime:5  | Identified the +7 short sword "Piajux" {flame, Dex+3}
 57848 | Slime:5  | Lost the starry gem through the power of Zot.
 58530 | Depths:3 | Voluntarily entered the Abyss.
 58609 | Abyss:2  | Found a sacrificial altar of Ru.
 58734 | Abyss:3  | Found a corrupted altar of Lugonu.
 58807 | Abyss:3  | Paralysed by accursed screaming for 1 turns
 58977 | Abyss:3  | Reached XP level 27. HP: 208/277 MP: 35/35
 59003 | Abyss:3  | Found a shimmering altar of Xom.
 59011 | Abyss:3  | Found a shimmering altar of Xom.
 59012 | Abyss:3  | Got an abyssal rune of Zot
 59108 | Depths:3 | Escaped the Abyss
 59248 | Zig:1    | Entered Level 1 of a ziggurat
 59248 | Zig:1    | Noticed Diuthaol the pandemonium lord
 59255 | Zig:1    | Killed Diuthaol the pandemonium lord
 59313 | Zig:2    | Entered Level 2 of a ziggurat
 59422 | Zig:3    | Entered Level 3 of a ziggurat
 59465 | Zig:4    | Entered Level 4 of a ziggurat
 59529 | Zig:5    | Entered Level 5 of a ziggurat
 59551 | Zig:5    | Identified the ring of Rationality {rC++ Will+ Str-3 SInv}
 59553 | Zig:5    | Identified the +6 orcbow of Lust {drain, ^Fragile Will+
                  | Int+2}
 59569 | Zig:6    | Entered Level 6 of a ziggurat
 59574 | Zig:6    | Found the ring of Shadows {Umbra +Inv Stlth+}
 59629 | Zig:7    | Entered Level 7 of a ziggurat
 59636 | Zig:7    | Found the amulet of the Air {Inacc Air Fly rElec RMsl}
 59662 | Zig:7    | Identified the +2 quarterstaff "Demonbane" {flame, Str+3
                  | Dex+3}
 59667 | Zig:7    | Identified the amulet "Tubrum" {RegenMP *Slow rElec Str+6}
 59675 | Zig:8    | Entered Level 8 of a ziggurat
 59692 | Zig:8    | Paralysed by accursed screaming for 1 turns
 59697 | Zig:8    | Paralysed by accursed screaming for 2 turns
 59724 | Zig:8    | Identified the amulet of Absolutism {Reflect rPois Dex+4
                  | SH+5}
 59929 | Zig:8    | Identified the ring of Oritalus {rPois rC+ Will+ Int+6}
 59945 | Zig:9    | Entered Level 9 of a ziggurat
 59978 | Zig:9    | Identified the +1 scale mail of Guuch {*Corrode rF+ Int+4
                  | Dex+2}
 60091 | Zig:10   | Entered Level 10 of a ziggurat
 60103 | Zig:10   | Noticed a dread lich
 60115 | Zig:10   | Killed a dread lich
 60131 | Zig:10   | Got Soebituiso's Lectures on Telluric Mustering
 60133 | Zig:10   | Identified the +0 scale mail "Pecvasm" {-Cast rC+ Dex+2}
 60176 | Zig:11   | Entered Level 11 of a ziggurat
 60190 | Zig:11   | Noticed Gima the pandemonium lord
 60191 | Zig:11   | Your ally Bolgrim died
 60201 | Zig:11   | Killed Gima the pandemonium lord
 60511 | Zig:12   | Entered Level 12 of a ziggurat
 60522 | Zig:12   | Noticed a juggernaut
 60522 | Zig:12   | Noticed a juggernaut
 60522 | Zig:12   | Found the +5 demon whip "Spellbinder" {antimagic, disrupt,
                  | Will+}
 60530 | Zig:12   | Killed a juggernaut
 60531 | Zig:12   | Your ally Morbeogh died
 60533 | Zig:12   | Your ally Bogwik died
 60536 | Zig:12   | Killed a juggernaut
 60701 | Zig:12   | Identified the ring "Laowowke" {rElec Dex+6}
 60710 | Zig:12   | Identified the +4 trident of Propriety {flame, *Rage rC+
                  | Int+5}
 60711 | Zig:12   | Identified the +2 leather armour "Fimaruo" {Will+ Int+4}
 60737 | Zig:13   | Entered Level 13 of a ziggurat
 60754 | Zig:13   | Noticed an orb of fire
 60785 | Zig:13   | Your ally Morbeogh died
 60786 | Zig:13   | Your ally Bogwik died
 60788 | Zig:13   | Gained mutation: You occasionally lose the ability to drink
                  | potions when taking damage. [an orb of fire]
 60789 | Zig:13   | Gained mutation: You are dopey. (Int -2) [an orb of fire]
 60792 | Zig:13   | Killed an orb of fire
 61042 | Zig:13   | Found the +16 obsidian axe {drain, demonic, Mesm ^Drain Fly
                  | SInv}
 61051 | Zig:13   | Identified the +3 ring mail "Fuavicau" {rF+ Dex+3}
 61157 | Zig:13   | Identified the +2 long sword of Wianes {elec, rN+ rCorr
                  | Int-3 Dex+2}
 61188 | Zig:13   | Lost mutation: You are dopey. (Int -2) [potion of mutation]
 61188 | Zig:13   | Lost mutation: You occasionally lose the ability to drink
                  | potions when taking damage. [potion of mutation]
 61188 | Zig:13   | Gained mutation: You possess an exceptional clarity of
                  | mind. [potion of mutation]
 61203 | Zig:14   | Entered Level 14 of a ziggurat
 61503 | Zig:14   | Found the +7 sceptre of Torment {pain, torment}
 61514 | Zig:14   | Identified the +5 ring mail "Beygreta" {+Blink rN++ Int-5}
 61532 | Zig:14   | Identified the ring of Xoitaoc {Fly rF++ Will+ Str-2 SInv}
 61556 | Zig:15   | Entered Level 15 of a ziggurat
 61571 | Zig:15   | Noticed an ancient lich
 61571 | Zig:15   | Found the +3 warlock's mirror {omnireflect}
 61571 | Zig:15   | Noticed a dread lich
 61571 | Zig:15   | Noticed an ancient lich
 61572 | Zig:15   | Noticed a dread lich
 61573 | Zig:15   | Noticed an ancient lich
 61588 | Zig:15   | Killed an ancient lich
 61605 | Zig:15   | Killed a dread lich
 61606 | Zig:15   | Your ally Bolgrim died
 61623 | Zig:15   | Killed an ancient lich
 61627 | Zig:15   | Killed an ancient lich
 61643 | Zig:15   | Killed a dread lich
 62061 | Zig:16   | Entered Level 16 of a ziggurat
 62068 | Zig:16   | Noticed Suimn the pandemonium lord
 62072 | Zig:16   | Noticed Ashrank the pandemonium lord
 62096 | Zig:16   | Killed Suimn the pandemonium lord
 62104 | Zig:16   | Noticed Qaurach the pandemonium lord
 62113 | Zig:16   | Noticed Quotweg the pandemonium lord
 62113 | Zig:16   | Found the +11 Singing Sword {sonic wave}
 62113 | Zig:16   | Noticed Wamireho the pandemonium lord
 62113 | Zig:16   | Noticed Jeeshezego the pandemonium lord
 62121 | Zig:16   | Got Sif Muna's Directory of Bombardment and the Vector
 62191 | Depths:2 | Identified the +1 dagger "Dobig" {freeze, rElec rF- rCorr}
 62560 | Hell     | Entered the Vestibule of Hell
 62563 | Hell     | Noticed Geryon
 62592 | Hell     | Killed Geryon
 62632 | Hell     | Reached skill level 21 in Shields
 62973 | Hell     | Reached skill level 22 in Shields
 63038 | Hell     | Found a gateway to the ashen valley of Gehenna.
 63156 | Hell     | Identified the +3 war axe of Rummeton {freeze, *Noise rN+
                  | rCorr Int+8}
 63332 | Hell     | Found a gateway to the Iron City of Dis.
 63421 | Hell     | Found a gateway to the freezing wastes of Cocytus.
 63830 | Hell     | Found a gateway to the decaying netherworld of Tartarus.
 63984 | Zot:1    | Entered Level 1 of the Realm of Zot
 64080 | Zot:1    | Reached skill level 23 in Shields
 64297 | Zot:1    | Identified the +4 ring mail "Wigush" {rN+ rCorr}
 65914 | Zot:3    | Noticed an orb of fire
 65916 | Zot:3    | Gained mutation: You are clumsy. (Dex -2) [an orb of fire]
 65920 | Zot:3    | Gained mutation: You occasionally lose the ability to read
                  | scrolls when taking damage. [an orb of fire]
 65921 | Zot:3    | Killed an orb of fire
 65922 | Zot:3    | Reached skill level 24 in Shields
 65930 | Zot:3    | Lost mutation: You are clumsy. (Dex -2) [potion of
                  | mutation]
 65930 | Zot:3    | Lost mutation: You occasionally lose the ability to read
                  | scrolls when taking damage. [potion of mutation]
 65930 | Zot:3    | Lost mutation: You possess an exceptional clarity of mind.
                  | [potion of mutation]
 65930 | Zot:3    | Gained mutation: You are weak. (Str -2) [potion of
                  | mutation]
 65930 | Zot:3    | Lost mutation: You are weak. (Str -2) [potion of mutation]
 66765 | Zot:3    | Found a runed translucent gate.
 66765 | Zot:3    | Found a runed translucent gate.
 66765 | Zot:3    | Found a runed translucent gate.
 66976 | Zot:3    | Noticed Kaonimui's ghost (master DjHW)
 67800 | Zot:3    | Killed Kaonimui's ghost
 67987 | Zot:4    | Reached skill level 25 in Shields
 68363 | Zot:4    | Identified the amulet "Rakearphu" {Regen+ Str+4 Int+7}
 68689 | Zot:5    | Entered Level 5 of the Realm of Zot
 69119 | Zot:5    | Noticed a dread lich
 69138 | Zot:5    | Your ally Morbeogh died
 69154 | Zot:5    | Noticed an ancient lich
 69160 | Zot:5    | Killed an ancient lich
 69396 | Zot:5    | Noticed an orb of fire
 69410 | Zot:5    | Killed an orb of fire
 69411 | Zot:5    | Reached skill level 26 in Shields
 69456 | Zot:5    | Noticed a dread lich
 69462 | Zot:5    | Killed a dread lich
 69659 | Zot:5    | Your ally Bogwik died
 69681 | Zot:5    | Killed a dread lich
 69682 | Zot:5    | Noticed an orb of fire
 69683 | Zot:5    | Your ally Bolgrim died
 69688 | Zot:5    | Gained mutation: You do not regenerate when monsters are
                  | visible. [an orb of fire]
 69693 | Zot:5    | Killed an orb of fire
 69694 | Zot:5    | Noticed an orb of fire
 69697 | Zot:5    | Gained mutation: You are vulnerable to cold. (rC-) [an orb
                  | of fire]
 69701 | Zot:5    | Killed an orb of fire
 69702 | Zot:5    | Lost mutation: You do not regenerate when monsters are
                  | visible. [potion of mutation]
 69702 | Zot:5    | Lost mutation: You are vulnerable to cold. (rC-) [potion of
                  | mutation]
 69702 | Zot:5    | Gained mutation: Your spells are a little harder to cast,
                  | but a little more powerful. [potion of mutation]
 70214 | Zot:5    | Reached skill level 27 in Shields
 70810 | Zot:5    | Got the Orb of Zot
 70944 | Zot:2    | Noticed Caama the pandemonium lord
 70951 | Zot:2    | Killed Caama the pandemonium lord
 71057 | Depths:2 | Noticed Bemapira the pandemonium lord
 71061 | Depths:2 | Reached skill level 15 in Throwing
 71064 | Depths:2 | Killed Bemapira the pandemonium lord
 71248 | D:15     | Noticed Qostyur the pandemonium lord
 71256 | D:15     | Killed Qostyur the pandemonium lord
 71350 | D:11     | Noticed Taunirr the pandemonium lord
 71355 | D:11     | Killed Taunirr the pandemonium lord
 71388 | D:11     | Noticed Wyusovur the pandemonium lord
 71393 | D:11     | Killed Wyusovur the pandemonium lord
 71639 | D:$      | Escaped with the Orb!

Illustrated notes

Levels and vault maps discovered:
D:1:      co_arrival_square_in_a_square_in_a_square, layout_loops_corners,
          chequers_serial_rivers_room_b, minmay_misc_feat_diagonals,
          minmay_box_of_dots
D:2:      layout_loops_cross, shapermc_ecumenical_altar_totnotflames,
          st_stairs_13
D:3:      layout_basic, marbit_many_paths
D:4:      layout_rooms, uniq_natasha
D:5:      layout_basic, minitemple, minmay_a_box_with_orc_wizards_in_it
D:6:      layout_cave_pools, kennysheep_mini,
          mainiacjoe_overflow_catch_the_wave, minmay_temple_entry_junction,
          minmay_hedge_maze, uniq_sigmund, uniq_grinder, uniq_blork_the_orc
D:7:      layout_cave_pools, gammafunk_ghost_wrathful_warriors,
          serial_park_tiny_pond
D:8:      layout_loops_corners, eat_drink_and_be_merry_uskayaw, uniq_maurice
D:9:      layout_basic, david_lair_generic, serial_shops, shop, hive_lemuel,
          uniq_jeremiah
D:10:     layout_loops_ring, uniq_fannar
D:11:     layout_stronghold, david_orc_2
D:12:     layout_roguey, uniq_psyche, uniq_urug
D:13:     lemuel_castle_with_subvaults [lemuel_castle_interior_original],
          layout_irregular_city, serial_shops, shop, uniq_snorg
D:14:     layout_basic, david_vaults_1, serial_shops, shop,
          grunt_decor_one_mirror, uniq_agnes
D:15:     grunt_enter_depths_hoard, layout_irregular_city, serial_shops, shop,
          nzn_ghost_randoct, chequers_jeans, minmay_alternating_orb
Lair:1:   layout_chaotic_city, nzn_sisyphean_effort
Lair:2:   layout_loops_ring, spider_nest_entry_web_field, portal_ice_cave_rime,
          grunt_megastairs_4
Lair:3:   lemuel_ratsnest, layout_gridlike, minmay_shoals_entry_beasts,
          gauntlet_entry_generic, lemuel_fruit_tree, uniq_rupert
Lair:4:   layout_hall_layers, slime_entry_1, beast_lair_carwin_4,
          grunt_megastairs_2, serial_bayou_shore_a
Lair:5:   hellmonk_lair_end_abyssal_woods, layout_hall_layers, basic_altar,
          cheibrodos_lair_lostbears, serial_bayou_shore_b,
          infiniplex_staircase_pool
Shoals:1: cheibrodos_shoals_satyrical_garden, layout_shoals
Shoals:2: layout_shoals, lemuel_oklob_altar, uniq_mlioglotl, uniq_polyphemus
Shoals:3: nicolae_shoals_mermall, layout_shoals, hangedman_feature_mirror,
          nicolae_shoals_songs
Shoals:4: shoals_end_grunt_ice, layout_shoals, shoals_ilsuiw_alternative,
          uniq_aizul, uniq_bai_suzhen
Spider:1: layout_spider_delve
Spider:2: layout_spider_delve
Spider:3: nicolae_spider_hilbert_zone_2 [nicolae_spider_hilbert_4_sides_1_open,
          nicolae_spider_hilbert_4_sides_1_open,
          nicolae_spider_hilbert_4_sides_1_open,
          nicolae_spider_hilbert_4_sides_1_open,
          nicolae_spider_hilbert_6_sides_1_open,
          nicolae_spider_hilbert_6_sides_1_open,
          nicolae_spider_hilbert_3_sides_1_open,
          nicolae_spider_hilbert_3_sides_1_open,
          nicolae_spider_hilbert_3_sides_1_open,
          nicolae_spider_hilbert_3_sides_1_open,
          nicolae_spider_hilbert_6_sides_1_open,
          nicolae_spider_hilbert_6_sides_1_open,
          nicolae_spider_hilbert_6_sides_1_open,
          nicolae_spider_hilbert_6_sides_1_open], nicolae_arachne_temple
Spider:4: hellmonk_spider_rune_bug_friends
Slime:1:  layout_caves
Slime:2:  layout_caves
Slime:3:  layout_caves, cheibrodos_slime_lost_civilization_6
Slime:4:  layout_caves
Slime:5:  slime_pit_nicolae_inversion
Orc:1:    layout_caves
Orc:2:    grunt_orc_cross, layout_caves
Elf:1:    nicolae_elf_arrival_fired_up, layout_gridlike, evilmike_minifort,
          minmay_shop_star, uniq_donald
Elf:2:    nicolae_elf_blades_crystal_corner, layout_gridlike,
          guppyfry_library_mini
Elf:3:    elf_hall_gauntlet_wide, layout_gridlike, nicolae_shop_clearance
Vaults:1: vaults_mumra_bighexcomb, grunt_vaults_swirl,
          nicolae_vaults_bisected_exclaves, v_misc_33,
          nicolae_vaults_trapezoid_lopsided_3,
          nicolae_vaults_variable_pillar_hall, nicolae_vaults_oval_intersection,
          vaults_room_semicircle, vaults_mumra_minichess_inversion,
          vaults_room_pool, layout_vaults_maze
Vaults:2: nicolae_vaults_six-pack, nicolae_vaults_closet_pinwheel_4, v_misc_16,
          nicolae_vaults_ellipses_ellipsis, nicolae_vaults_network_s,
          v_alt_pattern_4, nicolae_vaults_alarming,
          ontoclasm_vaults_loading_screen, ontoclasm_vaults_spin,
          vaults_room_grid, v_alt_pattern_3, layout_vaults_omnibox,
          serial_shops, shop
Vaults:3: ontoclasm_vaults_fault, hangedman_vaults_capsules,
          nicolae_vaults_mush_room, vaults_room_hallway, hangedman_vaults_locks,
          minmay_crypt_entry_necro_gods, nicolae_vaults_sealed_display,
          nicolae_vaults_door_testing_chamber, v_alt_pattern_6,
          nicolae_vaults_sesquioval_fish, vaults_dpeg_emergency_exit,
          grunt_vaults_focal, nicolae_vaults_diagonal_hallway_6,
          ontoclasm_vaults_misaligned, v_misc_17, layout_vaults_ring,
          serial_shops, shop
Vaults:4: nicolae_vaults_trapezoid_1, nicolae_vaults_trapezoid_lopsided_3,
          nicolae_vaults_offset_grid_hallway_4, vaults_room_fours,
          layout_vaults_chaotic_city
Vaults:5
Crypt:1:  layout_misc_corridors, grunt_megastairs_3, uniq_frederick
Crypt:2:  layout_regular_city, gammafunk_ghost_grave, lemuel_upstairs_altar,
          uniq_xtahua, uniq_boris
Crypt:3:  quadcrypt_mu, uniq_vv
Depths:1: layout_gridville, hell_entry, serial_shops, shop, dk_noncrumbling_3,
          serial_bayou_pond_d, serial_bayou_pond_a, grunt_decor_mini_mirrors,
          hangedman_decor_lopped, nrook_loot_triangle, kennysheep_treasure_room
Depths:2: minmay_the_grid_triangle_9x9_recursive_3
          [minmay_the_grid_triangle_9x9_checkered,
          minmay_the_grid_triangle_9x9_thin_v,
          minmay_the_grid_triangle_9x9_tough_junction,
          minmay_the_grid_triangle_9x9_prize_schism,
          minmay_the_grid_triangle_9x9_semitri,
          minmay_the_grid_triangle_9x9_limited_checkers,
          minmay_the_grid_triangle_9x9_warning,
          minmay_the_grid_triangle_9x9_corrupted_corridor,
          minmay_the_grid_triangle_9x9_steps], layout_cave_pools,
          enter_ziggurat_e, nrook_mini_backslash, pan_entry, hell_entry,
          uniq_saint_roka
Depths:3: hangedman_arch_fort, layout_gridlike, abyss_entry,
          grunt_hell_entry_dis_mu, grunt_decor_arrowhead,
          hangedman_corner_corridor
Depths:4: grunt_twist_and_shout, layout_gridlike, serial_shops,
          nicolae_shop_pleasant_corner_grove, hangedman_glass_teeth, hell_entry,
          uniq_margery
Hell
Zot:1:    layout_gridville
Zot:2:    layout_misc_corridors, regret_index_zotdec_gossamer_parallel,
          skrybe_zot_glass_2, regret_index_zotdec_banners
Zot:3:    layout_cathedral_of_symmetry, gammafunk_ghost_ooze
Zot:4:    layout_onion_interference, regret_index_zotdec_bone_old
Zot:5:    layout_concentric_octagons

Skill      XL: |  1  2  3  4  5  6  7  8  9 10 11 12 13 14 15 16 17 18 19 20 21 22 23 24 25 26 27 |
---------------+----------------------------------------------------------------------------------+-----
Stealth        | 5 7 8 9 12 15 20 | 20.0
Staves         | 4 5 6 |  6.0
Fighting       | 3 5 6 8 10 12 14 15 16 18 19 20 21 22 | 22.3
Axes           | 4 9 11 14 15 18 | 18.0
Evocations     | 2 4 6 8 10 | 10.0
Throwing       | 2 6 7 12 16 | 16.0
Dodging        | 2 3 6 9 10 11 12 | 12.0
Shields        | 5 10 12 14 15 16 19 20 27 | 27.0
Invocations    | 6 11 12 14 16 20 | 20.0
Armour         | 4 6 9 10 11 12 13 14 16 18 | 18.0
Short Blades   | |  2.0

Action                     |  1- 3 |  4- 6 |  7- 9 | 10-12 | 13-15 | 16-18 | 19-21 | 22-24 | 25-27 || total
---------------------------+-------+-------+-------+-------+-------+-------+-------+-------+-------++-------
  Melee: Quarterstaff      |    60 |    58 |       |       |       |       |       |       |       ||   118
         Short sword       |       |    78 |   141 |    46 |    21 |     4 |     7 |     1 |       ||   298
         Unarmed           |       |     3 |       |       |       |       |       |       |       ||     3
         Hand axe          |       |       |    15 |   399 |   592 |   835 |   170 |       |       ||  2011
         Constrict         |       |       |       |       |   191 |   195 |   242 |   227 |   328 ||  1183
         Flail             |       |       |       |       |     2 |       |       |       |       ||     2
         Demon trident     |       |       |       |       |       |     2 |     1 |       |       ||     3
         Broad axe         |       |       |       |       |       |       |   747 |  1096 |  1617 ||  3460
  Throw: Dart              |       |       |       |     9 |     1 |     2 |       |       |     5 ||    17
         Stone             |       |       |       |     5 |    23 |       |       |       |       ||    28
         Boomerang         |       |       |       |       |       |     7 |    17 |    13 |   212 ||   249
         Javelin           |       |       |       |       |       |     1 |       |     4 |    46 ||    51
 Invoke: Convert to Beogh  |       |       |     1 |       |       |       |       |       |       ||     1
         Recruit Apostle   |       |       |       |     1 |     3 |     2 |       |     2 |     1 ||     9
         Smiting           |       |       |       |       |    19 |    30 |    30 |    12 |    74 ||   165
         Recall Apostles   |       |       |       |       |     6 |     8 |     6 |     7 |    21 ||    48
         Dismiss Apostle   |       |       |       |       |     1 |     2 |       |     2 |     1 ||     6
         Blood for Blood   |       |       |       |       |       |     1 |     1 |     2 |     4 ||     8
Ability: Spit Poison       |    40 |    17 |    29 |    24 |     4 |     1 |       |       |       ||   115
         Evoke Blink       |       |       |     1 |       |       |       |       |       |       ||     1
  Evoke: Wand              |       |       |    14 |    17 |     7 |     3 |     2 |     4 |     6 ||    53
         Lightning rod     |       |       |       |       |     3 |     2 |       |     1 |       ||     6
         Phantom mirror    |       |       |       |       |       |       |       |       |     2 ||     2
         Phial of floods   |       |       |       |       |       |       |       |       |     1 ||     1
         Sack of spiders   |       |       |       |       |       |       |       |       |     1 ||     1
    Use: Scroll            |       |       |     7 |     1 |     6 |    16 |    11 |    14 |    38 ||    93
         Potion            |       |       |     1 |       |       |     4 |       |     2 |    27 ||    34
   Stab: Distracted        |     1 |       |     1 |     1 |    23 |    27 |    32 |    43 |    45 ||   173
         Sleeping          |       |     8 |     8 |    22 |    19 |    13 |    21 |    16 |     6 ||   113
         Paralysed         |       |       |     4 |    11 |     6 |       |       |       |       ||    21
         Confused          |       |       |       |       |       |       |       |     1 |     1 ||     2
         Invisible         |       |       |       |       |       |       |       |       |     4 ||     4
         Held in net/web   |       |       |       |       |       |       |       |       |     2 ||     2
 Armour: Leather armour    |    29 |    93 |    29 |       |       |       |       |       |       ||   151
         Skin              |       |    44 |       |       |       |       |       |       |       ||    44
         Robe              |       |       |   106 |       |       |       |       |       |       ||   106
         Steam dragon scal |       |       |    25 |   138 |       |       |       |       |       ||   163
         Troll leather arm |       |       |       |   129 |   284 |   546 |   432 |   356 |       ||  1747
         Scale mail        |       |       |       |     5 |    21 |       |       |       |       ||    26
         Ring mail         |       |       |       |       |       |    46 |   102 |       |       ||   148
         Gold dragon scale |       |       |       |       |       |       |       |   366 |  1587 ||  1953
  Dodge: Dodged            |    26 |    58 |    90 |   186 |   216 |   400 |   346 |   334 |   363 ||  2019
  Block: Kite shield       |       |       |       |       |   282 |   667 |   607 |   743 |   158 ||  2457
         Tower shield      |       |       |       |       |       |       |       |       |   715 ||   715
         Buckler           |       |       |       |       |       |       |       |       |   579 ||   579
         Reflection        |       |       |       |       |       |       |       |       |    76 ||    76
Riposte: Broad axe         |       |       |       |       |       |       |       |    43 |   477 ||   520

Table legend: (Time is in decaauts)
 A = Elapsed time spent in this place.
 B = Non-inter-level travel time spent in this place.
 C = Inter-level travel time spent in this place.
 D = Time resting spent in this place.
 E = Time spent auto-exploring this place.
 F = Levels seen in this place.
 G = Mean time per level.
                   A        B        C        D        E       F      G
               +--------+--------+--------+--------+--------+-----+--------+
         Total |  88022 |  77344 |  10678 |   5959 |  50501 |  77 | 1143.1 |
       Dungeon |  25859 |  21431 |   4428 |   2537 |  12132 |  15 | 1723.9 |
          Lair |   6559 |   5928 |    631 |    196 |   4408 |   5 | 1311.8 |
        Shoals |   5256 |   4955 |    301 |    316 |   3513 |   4 | 1314.0 |
   Spider Nest |   4648 |   4461 |    187 |    267 |   3076 |   4 | 1162.0 |
    Slime Pits |    773 |    688 |     85 |     42 |      0 |   5 |  154.6 |
  Orcish Mines |   1939 |   1440 |    499 |      0 |   1197 |   2 |  969.5 |
   Elven Halls |   5271 |   4704 |    567 |    156 |   3417 |   3 | 1757.0 |
        Vaults |   9049 |   7633 |   1416 |    202 |   5451 |   5 | 1809.8 |
         Crypt |   4987 |   4388 |    599 |      4 |   3568 |   3 | 1662.3 |
        Depths |   8416 |   7033 |   1383 |    524 |   5096 |   4 | 2104.0 |
          Hell |   1447 |   1413 |     34 |     43 |   1075 |   1 | 1447.0 |
           Zot |   8417 |   7874 |    543 |    760 |   5533 |   5 | 1683.4 |
         Abyss |    709 |    709 |      0 |      7 |      0 |   3 |  236.3 |
      Ziggurat |   3021 |   3021 |      0 |    385 |   1703 |  16 |  188.8 |
      Ice Cave |   1334 |   1334 |      0 |    511 |    329 |   1 | 1334.0 |
      Gauntlet |    331 |    331 |      0 |      4 |      0 |   1 |  331.0 |
               +--------+--------+--------+--------+--------+-----+--------+

Top non-repeatable levels by time:
     D:9: 2841 daAuts
    D:11: 2723 daAuts
Depths:2: 2704 daAuts
     D:8: 2511 daAuts
   Zot:5: 2498 daAuts
   Zot:3: 2376 daAuts
Depths:3: 2333 daAuts
 Crypt:3: 2211 daAuts
     D:5: 2091 daAuts
Vaults:5: 1961 daAuts
   Elf:3: 1959 daAuts
    D:10: 1918 daAuts
Depths:4: 1849 daAuts
Vaults:3: 1833 daAuts
Vaults:4: 1824 daAuts
